Workbook

Sheet 表4.1 计划年度国有建设用地供应计划明细表
A1: 表4.1 计划年度国有建设用地供应计划明细表
A2: 单位：公顷
A3: 序号 | B3: 地块编号 | C3: 地块名称 | D3: 宗地位置 | E3: 规划用途 | F3: 预计供地时间 | G3: 土地供应方式 | H3: 规划可供地面积 | I3: 是否为新增建设用地 | J3: 是否来源于储备 | K3: 地块来源 | L3: 地块实际管护主体 | M3: 备注 | N3: 商服用地 | O3: 住宅用地 | P3: 工矿仓储用地 | Q3: 公共管理与公共服务用地 | R3: 交通运输用地 | S3: 特殊用地 | T3: 水域与水利设施用地 | U3: 其他土地
A4: -1 | B4: =A4-1 -> -2 | C4: =B4-1 -> -3 | D4: =C4-1 -> -4 | E4: =D4-1 -> -5 | F4: =E4-1 -> -6 | G4: =F4-1 -> -7 | H4: =G4-1 -> -8 | I4: =H4-1 -> -9 | ... L4: =K4-1 -> -12
A5: 1 | B5: 0524001 | C5: 月田家具厂 | D5: 月田镇月田村 | E5: 商服用地 | F5: 45565 | G5: 出让 | H5: 0.3744 | I5: 否 | J5: 是 | K5: 未取得批文 | L5: 岳阳县土地储备中心 | N5: =H5 -> 0.3744
A6: 2 | B6: 0524002 | C6: 张谷英供销社 | D6: 张谷英镇 | E6: 商服用地 | F6: 45657 | G6: 出让 | H6: 0.6 | I6: 否 | J6: 是 | K6: 未取得批文 | L6: 岳阳县土地储备中心 | N6: =H6 -> 0.6
A7: 3 | B7: 0524003 | C7: 新开石油学校周边一 | D7: 新开镇新开村 | E7: 商服用地 | F7: 45473 | G7: 出让 | H7: 0.4788 | I7: 是 | J7: 是 | K7: （2019）政国土挂字第265号 | L7: 岳阳县土地储备中心 | N7: =H7 -> 0.4788
A8: 4 | B8: 0524004 | C8: 新开石油学校周边二 | D8: 新开镇新开村 | E8: 商服用地 | F8: 45473 | G8: 出让 | H8: 0.32 | I8: 是 | J8: 是 | K8: 未取得批文 | L8: 岳阳县土地储备中心 | N8: =H8 -> 0.32
A9: 5 | B9: 0524005 | C9: 新开昱华公寓 | D9: 新开镇新开村 | E9: 商服用地 | F9: 45473 | G9: 出让 | H9: 4.9954 | I9: 否 | J9: 是 | K9: YXTCC2021203 | L9: 岳阳县土地储备中心 | N9: =H9 -> 4.9954
A10: 6 | B10: 0524006 | C10: 原顺威燃气站 | D10: 新墙镇高桥村 | E10: 商服用地 | F10: 45473 | G10: 出让 | H10: 0.9301 | I10: 是 | J10: 是 | K10: 政国土字（2012）884号 | L10: 岳阳县土地储备中心 | N10: =H10 -> 0.9301
A11: 7 | B11: 0524007 | C11: 新开物流园三期 | D11: 新开镇新开村 | E11: 商服用地 | F11: 45565 | G11: 出让 | H11: 5.33 | I11: 是 | J11: 是 | K11: （2022）政国土字第334号 | L11: 岳阳县土地储备中心 | N11: =H11 -> 5.33
A12: 8 | B12: 0524008 | C12: 麻塘办事处城市综合体 | D12: 麻塘畔湖新村 | E12: 商服用地 | F12: 45657 | G12: 出让 | H12: 1 | I12: 是 | J12: 是 | K12: 未取得批文 | L12: 岳阳县土地储备中心 | N12: =H12 -> 1
A13: 9 | B13: 0524009 | C13: 麻塘二墩子地块 | D13: 麻塘洞庭村 | E13: 商服用地 | F13: 45565 | G13: 出让 | H13: 0.4 | I13: 否 | J13: 是 | K13: 未取得批文 | L13: 岳阳县土地储备中心 | N13: =H13 -> 0.4
A14: 10 | B14: 0524010 | C14: 原公田供销社地块 | D14: 公田集镇 | E14: 商服用地 | F14: 45657 | G14: 出让 | H14: 0.5333 | I14: 否 | J14: 是 | K14: 未取得批文 | L14: 岳阳县土地储备中心 | N14: =H14 -> 0.5333
A15: 11 | B15: 0524011 | C15: 步仙宾馆用地 | D15: 步仙镇狮山社区 | E15: 商服用地 | F15: 45657 | G15: 出让 | H15: 0.3333 | I15: 是 | J15: 是 | K15: 未取得批文 | L15: 岳阳县土地储备中心 | N15: =H15 -> 0.3333
A16: 12 | B16: 0524012 | C16: 原公田中心学校地块 | D16: 公田镇塘田村 | E16: 商服用地 | F16: 45381 | G16: 出让 | H16: 0.2 | I16: 否 | J16: 是 | K16: 未取得批文 | L16: 岳阳县土地储备中心 | N16: =H16 -> 0.2
A17: 13 | B17: 0524013 | C17: 新境界马业中爱国际马术体育公园项目 | D17: 麻塘金垅村 | E17: 商服用地 | F17: 45657 | G17: 出让 | H17: 18 | I17: 是 | J17: 是 | K17: 未取得批文 | L17: 岳阳县土地储备中心 | N17: =H17 -> 18
A18: 14 | B18: 0724019 | C18: 原江南米业用地 | D18: 麻塘大塘村 | E18: 商服用地/住宅用地（1:9） | F18: 45473 | G18: 出让 | H18: 0.75995 | I18: 否 | J18: 是 | K18: 拟收回 | L18: 岳阳县土地储备中心
A19: 15 | B19: 0724014 | C19: 远大二期 | D19: 荣家湾镇荣湾湖村、街赵村、欣荣村、向阳居委会 | E19: 住宅用地 | F19: 45565 | G19: 出让 | H19: 8 | I19: 是 | J19: 是 | K19: 未取得批文 | L19: 岳阳县土地储备中心 | N19: 0 | O19: =H19 -> 8
A20: 16 | B20: 0724015 | C20: 新墙原高桥物流园 | D20: 新墙镇高桥村 | E20: 住宅用地 | F20: 45473 | G20: 出让 | H20: 4.98 | I20: 否 | J20: 是 | K20: 未取得批文 | L20: 岳阳县土地储备中心 | N20: 0 | O20: =H20 -> 4.98
A21: 17 | B21: 0724016 | C21: 新开村京港线海纳物流西侧地块 | D21: 新开镇新开村 | E21: 住宅用地 | F21: 45657 | G21: 出让 | H21: 0.7 | I21: 是 | J21: 是 | K21: （2020）政国土挂字第256号 | L21: 岳阳县土地储备中心 | N21: 0 | O21: =H21 -> 0.7
A22: 18 | B22: 0724017 | C22: 保障性住房用地 | D22: 荣家湾镇 | E22: 住宅用地 | F22: 45657 | G22: 划拨 | H22: 3.5979 | I22: 否 | J22: 是 | K22: 未取得批文 | L22: 岳阳县土地储备中心 | N22: 0 | O22: =H22 -> 3.5979
A23: 19 | B23: 0724018 | C23: 新开龙湾片区康养项目 | D23: 新开镇龙湾村 | E23: 住宅用地 | F23: 45473 | G23: 出让 | H23: 4.1174 | I23: 是 | J23: 是 | K23: 未取得批文 | L23: 岳阳县土地储备中心 | N23: 0 | O23: =H23 -> 4.1174
A24: 20 | B24: 0724013 | C24: 新开龙湾片区项目 | D24: 新开镇龙湾村、共和村 | E24: 住宅用地/交通运输用地/公共管理与公共服务用地/商服用地（24.4401：9.5044：6.3883：0.3195） | F24: 45473 | G24: 出让 | H24: 40.6523 | I24: 是 | J24: 是 | K24: 未取得批文 | L24: 岳阳县土地储备中心 | M24: 住宅24.4401交通9.5044公服6.3883商服0.3195 | N24: 0.3195 | O24: 24.4401 | P24: 0 | Q24: 6.3883 | R24: 9.5044
A25: 21 | B25: 0724009 | C25: 新开西三角地块一 | D25: 新开镇新开村 | E25: 商服用地/住宅用地（2：8） | F25: 45473 | G25: 出让 | H25: 1.914 | I25: 是 | J25: 是 | K25: （2022）政国土挂字第252号 | L25: 岳阳县土地储备中心 | M25: 商住比2:8 | N25: =ROUND(H25*20%,4) -> 0.3828 | O25: =H25-N25 -> 1.5312
A26: 22 | B26: 0724010 | C26: 新开西三角地块二 | D26: 新开镇新开村 | E26: 商服用地/住宅用地（2：8） | F26: 45473 | G26: 出让 | H26: 0.4982 | I26: 是 | J26: 是 | K26: （2019）政国土挂字第929号 | L26: 岳阳县土地储备中心 | M26: 商住比2:8 | N26: =ROUND(H26*20%,4) -> 0.0996 | O26: =H26-N26 -> 0.3986
A27: 23 | B27: 0724011 | C27: 新开西三角地块三 | D27: 新开镇新开村 | E27: 商服用地/住宅用地（2：8） | F27: 45473 | G27: 出让 | H27: 1.8586 | I27: 否 | J27: 是 | K27: YXTCC2020207 | L27: 岳阳县土地储备中心 | M27: 商住比2:8 | N27: =ROUND(H27*20%,4) -> 0.3717 | O27: =H27-N27 -> 1.4869
A28: 24 | B28: 0724002 | C28: 长丰路西侧地块 | D28: 荣家湾镇街赵社区 | E28: 商服用地/住宅用地（1：9） | F28: 45657 | G28: 出让 | H28: 12.8496 | I28: 是 | J28: 是 | K28: （2019）政国土挂字第271号 | L28: 岳阳县土地储备中心 | M28: 商住比1:9 | N28: =ROUND(H28*10%,4) -> 1.285 | O28: =H28-N28 -> 11.5646
A29: 25 | B29: 0724001 | C29: 灵雾山庄 | D29: 麻塘镇麻布山村 | E29: 商服用地/住宅用地（1.5399：2.4474） | F29: 45565 | G29: 出让 | H29: 3.9873 | I29: 是 | J29: 是 | K29: 未取得批文 | L29: 岳阳县土地储备中心 | M29: 商1.5399住2.4474 | N29: 1.5399 | O29: =H29-N29 -> 2.4474
A30: 26 | B30: 0724012 | C30: 杨林农贸市场 | D30: 杨林街镇集镇 | E30: 商服用地/住宅用地（2：8） | F30: 45382 | G30: 出让 | H30: 1.1276 | I30: 是 | J30: 是 | K30: （2018）政国土字第625号 | L30: 岳阳县土地储备中心 | M30: 商住比2:8 | N30: =ROUND(H30*20%,4) -> 0.2255 | O30: =H30-N30 -> 0.9021
A31: 27 | B31: 0724003 | C31: 岳雅南侧地块 | D31: 麻塘洞庭村 | E31: 商服用地/住宅用地（1：9） | F31: 45565 | G31: 出让 | H31: 14 | I31: 否 | J31: 是 | K31: 会议纪要 | L31: 岳阳县土地储备中心 | M31: 商住比1:9 | N31: =ROUND(H31*10%,4) -> 1.4 | O31: =H31-N31 -> 12.6
A32: 28 | B32: 0724004 | C32: 桃李春风3号地块 | D32: 麻塘畔湖新村、金垅村 | E32: 商服用地/住宅用地（1：9） | F32: 45657 | G32: 出让 | H32: 4 | I32: 是 | J32: 是 | K32: 未取得批文 | L32: 岳阳县土地储备中心 | M32: 商住比1:9 | N32: =ROUND(H32*10%,4) -> 0.4 | O32: =H32-N32 -> 3.6
A33: 29 | B33: 0724005 | C33: 桃李春风2号地块原宏泰陶瓷 | D33: 麻塘金垅村 | E33: 商服用地/住宅用地（1：9） | F33: 45473 | G33: 出让 | H33: 3.3 | I33: 否 | J33: 是 | K33: 未取得批文 | L33: 岳阳县土地储备中心 | M33: 商住比1:9 | N33: =ROUND(H33*10%,4) -> 0.33 | O33: =H33-N33 -> 2.97
A34: 30 | B34: 0724006 | C34: 桃李春风2号地块原公路物资站 | D34: 麻塘金垅村 | E34: 商服用地/住宅用地（1：9） | F34: 45473 | G34: 出让 | H34: 1.33 | I34: 否 | J34: 是 | K34: 未取得批文 | L34: 岳阳县土地储备中心 | M34: 商住比1:9 | N34: =ROUND(H34*10%,4) -> 0.133 | O34: =H34-N34 -> 1.197
A35: 31 | B35: 0724007 | C35: 桃李春风地块四 | D35: 麻塘畔湖新村、金垅村 | E35: 商服用地/住宅用地（1：9） | F35: 45657 | G35: 出让 | H35: 21.2351 | I35: 是 | J35: 是 | K35: （2022）政国土字第826号 | L35: 岳阳县土地储备中心 | M35: 商住比1:9 | N35: =ROUND(H35*10%,4) -> 2.1235 | O35: =H35-N35 -> 19.1116
A36: 32 | B36: 0724008 | C36: 公田镇金牛地块 | D36: 公田集镇 | E36: 商服用地/住宅用地（1：9） | F36: 45565 | G36: 出让 | H36: 2 | I36: 是 | J36: 是 | K36: 未取得批文 | L36: 岳阳县土地储备中心 | M36: 商住比1:9 | N36: =ROUND(H36*10%,4) -> 0.2 | O36: =H36-N36 -> 1.8
A37: 33 | B37: 0824001 | C37: 长丰路东侧中心幼儿园地块 | D37: 荣家湾镇长丰路东侧 | E37: 公共管理与公共服务用地 | F37: 45382 | G37: 划拨 | H37: 1.9798 | I37: 否 | J37: 是 | K37: 未取得批文 | L37: 岳阳县土地储备中心 | Q37: =H37 -> 1.9798
A38: 34 | B38: 0824002 | C38: 新长征小学扩建用地 | D38: 荣家湾镇友爱路 | E38: 公共管理与公共服务用地 | F38: 45382 | G38: 划拨 | H38: 2.8996 | I38: 否 | J38: 是 | K38: 未取得批文 | L38: 岳阳县土地储备中心 | Q38: =H38 -> 2.8996
A39: 35 | B39: 0824003 | C39: 荣站居委会公服用地 | D39: 荣家湾镇荣站社区 | E39: 公共管理与公共服务用地 | F39: 45473 | G39: 划拨 | H39: 0.1836 | I39: 是 | J39: 是 | K39: （2023）政国土字第1342号 | L39: 岳阳县土地储备中心 | Q39: =H39 -> 0.1836
A40: 36 | B40: 0824004 | C40: 步仙学校扩建一 | D40: 步仙狮山社区 | E40: 公共管理与公共服务用地 | F40: 45382 | G40: 划拨 | H40: 2.349 | I40: 是 | J40: 是 | K40: （2023）政国土挂字第473号 | L40: 岳阳县土地储备中心 | Q40: =H40 -> 2.349
A41: 37 | B41: 0824005 | C41: 步仙学校扩建二 | D41: 步仙狮山社区 | E41: 公共管理与公共服务用地 | F41: 45382 | G41: 划拨 | H41: 0.6667 | I41: 是 | J41: 是 | K41: 未取得批文 | L41: 岳阳县土地储备中心 | Q41: =H41 -> 0.6667
A42: 38 | B42: 0824006 | C42: 北大青鸟北侧一 | D42: 麻塘畔湖新村 | E42: 公共管理与公共服务用地 | F42: 45473 | G42: 出让 | H42: 1.5932 | I42: 是 | J42: 是 | K42: （2023）政国土挂字第196号 | L42: 岳阳县土地储备中心 | Q42: =H42 -> 1.5932
A43: 39 | B43: 0824007 | C43: 北大青鸟北侧二 | D43: 麻塘畔湖新村 | E43: 公共管理与公共服务用地 | F43: 45473 | G43: 出让 | H43: 2.2068 | I43: 是 | J43: 是 | K43: （2019）政国土挂字第280号 | L43: 岳阳县土地储备中心 | Q43: =H43 -> 2.2068
A44: 40 | B44: 0824008 | C44: 岳阳县第四人民医院 | D44: 新墙镇高桥村 | E44: 公共管理与公共服务用地 | F44: 45565 | G44: 划拨 | H44: 2.2072 | I44: 是 | J44: 是 | K44: 未取得批文 | L44: 岳阳县土地储备中心 | Q44: =H44 -> 2.2072
A45: 41 | B45: 0824009 | C45: 步仙凤凰中学球场用地 | D45: 步仙镇凤凰村 | E45: 公共管理与公共服务用地 | F45: 45657 | G45: 划拨 | H45: 0.6696 | I45: 是 | J45: 是 | K45: 未取得批文 | L45: 岳阳县土地储备中心 | Q45: =H45 -> 0.6696
A46: 42 | B46: 0824010 | C46: 长湖医院 | D46: 长湖乡范家村 | E46: 公共管理与公共服务用地 | F46: 45657 | G46: 划拨 | H46: 0.9777 | I46: 是 | J46: 是 | K46: 未取得批文 | L46: 岳阳县土地储备中心 | Q46: =H46 -> 0.9777
A47: 43 | B47: 0824011 | C47: 张谷英35千伏输变电站 | D47: 张谷英镇芭蕉村 | E47: 公共管理与公共服务用地 | F47: 45657 | G47: 划拨 | H47: 0.1752 | I47: 是 | J47: 是 | K47: （2023）政国土字第827号 | L47: 岳阳县土地储备中心 | Q47: =H47 -> 0.1752
A48: 44 | B48: 0824012 | C48: 高新110千伏输变电工程 | D48: 新墙镇燎原村 | E48: 公共管理与公共服务用地 | F48: 45657 | G48: 划拨 | H48: 0.5547 | I48: 是 | J48: 是 | K48: （2022）政国土挂字第271号 | L48: 岳阳县土地储备中心 | Q48: =H48 -> 0.5547
... A52: 48 | B52: 0824016 | C52: 筻口卫生院 | D52: 筻口集镇 | E52: 公共管理与公共服务用地 | F52: 45657 | G52: 划拨 | H52: 2 | I52: 是 | J52: 是 | K52: 未取得批文 | L52: 岳阳县土地储备中心 | Q52: =H52 -> 2
A53: 49 | B53: 0624001 | C53: 工业园六期地块 | D53: 长湖乡长湖村 | E53: 工矿仓储用地 | F53: 45657 | G53: 出让 | H53: 23.7468 | I53: 是 | J53: 是 | K53: （2023）政国土字挂第296号 | L53: 岳阳县土地储备中心 | P53: =H53 -> 23.7468
A54: 50 | B54: 0624002 | C54: 双碳产业园及怡昌能源二期 | D54: 荣家湾镇兴园村、新墙镇燎原村 | E54: 工矿仓储用地 | F54: 45473 | G54: 出让 | H54: 14.68 | I54: 是 | J54: 是 | K54: 未取得批文 | L54: 岳阳县土地储备中心 | P54: =H54 -> 14.68
A55: 51 | B55: 0624003 | C55: 生物医药园地块 | D55: 荣家湾镇东方村 | E55: 工矿仓储用地 | F55: 45657 | G55: 出让 | H55: 53 | I55: 是 | J55: 是 | K55: 未取得批文 | L55: 岳阳县土地储备中心 | P55: =H55 -> 53
A56: 52 | B56: 0624004 | C56: 新墙粮库 | D56: 新墙镇水库村 | E56: 工矿仓储用地 | F56: 45382 | G56: 出让 | H56: 0.2 | I56: 否 | J56: 是 | K56: 未取得批文 | L56: 岳阳县土地储备中心 | P56: =H56 -> 0.2
A57: 53 | B57: 0624005 | C57: 凌云混凝土二期 | D57: 荣家湾镇荣鹿新村 | E57: 工矿仓储用地 | F57: 45657 | G57: 出让 | H57: 3.3 | I57: 是 | J57: 是 | K57: （2023）政国土挂字第197号 | L57: 岳阳县土地储备中心 | P57: =H57 -> 3.3
A58: 54 | B58: 0624006 | C58: 新开老巴陵地块 | D58: 新开镇新开村 | E58: 工矿仓储用地 | F58: 45657 | G58: 出让 | H58: 3.2 | I58: 是 | J58: 是 | K58: 政国土字（2014）485号 | L58: 岳阳县土地储备中心 | P58: =H58 -> 3.2
A59: 55 | B59: 0624007 | C59: 公田冷链物流用地一 | D59: 公田镇公田居委会 | E59: 工矿仓储用地 | F59: 45657 | G59: 出让 | H59: 1.2 | I59: 是 | J59: 是 | K59: 未取得批文 | L59: 岳阳县土地储备中心 | P59: =H59 -> 1.2
A60: 56 | B60: 0624008 | C60: 公田冷链物流用地二 | D60: 公田镇公田居委会 | E60: 工矿仓储用地 | F60: 45657 | G60: 出让 | H60: 0.67 | I60: 否 | J60: 是 | K60: 未取得批文 | L60: 岳阳县土地储备中心 | P60: =H60 -> 0.67
A61: 57 | B61: 0624009 | C61: 柏祥镇祥柏公司扩建用地 | D61: 柏祥镇柏祥村 | E61: 工矿仓储用地 | F61: 45565 | G61: 出让 | H61: 0.2267 | I61: 是 | J61: 是 | K61: 未取得批文 | L61: 岳阳县土地储备中心 | P61: =H61 -> 0.2267
A62: 58 | B62: 0624010 | C62: 原种畜场地块 | D62: 荣家湾镇城东村 | E62: 工矿仓储用地 | F62: 45381 | G62: 出让 | H62: 2.67 | I62: 否 | J62: 是 | K62: YXTCC202310 | L62: 岳阳县土地储备中心 | P62: =H62 -> 2.67
A63: 59 | B63: 0624011 | C63: 通益混凝土二期用地 | D63: 新开镇朱砂桥村 | E63: 工矿仓储用地 | F63: 45565 | G63: 出让 | H63: 2.0447 | I63: 是 | J63: 是 | K63: （2022）政国土挂字第187号 | L63: 岳阳县土地储备中心 | P63: =H63 -> 2.0447
A64: 60 | B64: 0624012 | C64: 直属库米厂地块 | D64: 荣家湾镇文胜北路 | E64: 工矿仓储用地 | F64: 45657 | G64: 出让 | H64: 1.5355 | I64: 否 | J64: 是 | K64: 未取得批文 | L64: 岳阳县土地储备中心 | P64: =H64 -> 1.5355
... A66: 62 | B66: 0624014 | C66: 岳州电厂项目 | D66: 杨林镇溪源村 | E66: 工矿仓储用地 | F66: 45657 | G66: 出让 | H66: 63.5522 | I66: 是 | J66: 是 | K66: 未取得批文 | L66: 岳阳县土地储备中心 | P66: =H66 -> 63.5522
A67: 63 | B67: 0624015 | C67: 农光互补光伏发电项目升压站用地 | D67: 筻口镇大塘村 | E67: 工矿仓储用地 | F67: 2024/9/31 | G67: 出让 | H67: 0.5589 | I67: 是 | J67: 是 | K67: 未取得批文 | L67: 岳阳县土地储备中心 | P67: =H67 -> 0.5589
A68: 64 | B68: 0624016 | C68: 中洲冷链物流用地 | D68: 中洲乡中洲村 | E68: 工矿仓储用地 | F68: 45565 | G68: 出让 | H68: 0.3921 | I68: 是 | J68: 是 | K68: 未取得批文 | L68: 岳阳县土地储备中心 | P68: =H68 -> 0.3921
A69: 65 | B69: 0624021 | C69: 鹿角港区 | D69: 荣家湾镇鹿角村 | E69: 工矿仓储用地/交通运输用地（14.9243：1.6813） | F69: 45657 | G69: 出让 | H69: 16.6056 | I69: 是 | J69: 是 | K69: 未取得批文 | L69: 岳阳县土地储备中心 | M69: 其中交通0.3910 | P69: 7.724 | R69: =H69-P69 -> 8.8816
A70: 66 | B70: 1024001 | C70: 黄花机场航煤管道新开阀室 | D70: 新开镇常山村 | E70: 交通运输用地 | F70: 45382 | G70: 出让 | H70: 0.0716 | I70: 是 | J70: 是 | K70: （2023）政国土挂字第1275号 | L70: 岳阳县土地储备中心 | R70: =H70 -> 0.0716
A71: 67 | B71: 1024002 | C71: 黄花机场航煤管道新墙阀室 | D71: 新墙镇高桥村 | E71: 交通运输用地 | F71: 45382 | G71: 出让 | H71: 0.1141 | I71: 是 | J71: 是 | K71: （2023）政国土挂字第1275号 | L71: 岳阳县土地储备中心 | R71: =H71 -> 0.1141
A72: 68 | B72: 1024003 | C72: 麻塘畈中路 | D72: 岳阳县原种场李坡村 | E72: 交通运输用地 | F72: 45382 | G72: 划拨 | H72: 1.7332 | I72: 是 | J72: 是 | K72: （2023）政国土字第1342号 | L72: 岳阳县土地储备中心 | R72: =H72 -> 1.7332
A73: 69 | B73: 1024004 | C73: 鹿角港区发展区地块一 | D73: 荣家湾镇荣湾湖村 | E73: 交通运输用地 | F73: 45657 | G73: 划拨 | H73: 2.1612 | I73: 否 | J73: 是 | K73: 未取得批文 | L73: 岳阳县土地储备中心 | R73: =H73 -> 2.1612
A74: 70 | B74: 1024005 | C74: 鹿角港区发展区地块二 | D74: 荣家湾镇荣湾湖村 | E74: 交通运输用地 | F74: 45657 | G74: 划拨 | H74: 6.4296 | I74: 是 | J74: 是 | K74: （2023）政国土挂字第476号 | L74: 岳阳县土地储备中心 | R74: =H74 -> 6.4296
A75: 71 | B75: 1024006 | C75: 鹿角港区皮带廊道用地 | D75: 荣家湾鹿角村、中洲乡中洲村等 | E75: 交通运输用地 | F75: 45565 | G75: 出让 | H75: 10.33 | I75: 是 | J75: 是 | K75: 未取得批文 | L75: 岳阳县土地储备中心 | R75: =H75 -> 10.33
A76: 72 | B76: 1024007 | C76: S308公路(公田-月田) | D76: 公田镇、月田镇 | E76: 交通运输用地 | F76: 45657 | G76: 划拨 | H76: 36.416 | I76: 是 | J76: 是 | K76: 未取得批文 | L76: 岳阳县土地储备中心 | R76: =H76 -> 36.416
A77: 73 | B77: 1024008 | C77: S310公路(荣公公路) | D77: 公田镇大塅村、月田镇铁山湖村 | E77: 交通运输用地 | F77: 45657 | G77: 划拨 | H77: 68.0736 | I77: 是 | J77: 是 | K77: 未取得批文 | L77: 岳阳县土地储备中心 | R77: =H77 -> 68.0736
A78: 74 | B78: 1024009 | C78: 京广铁路南段部分车站到发线延长改造项目 | D78: 荣家湾镇老街居委会 | E78: 交通运输用地 | F78: 45565 | G78: 划拨 | H78: 0.499 | I78: 是 | J78: 是 | K78: 未取得批文 | L78: 岳阳县土地储备中心 | R78: =H78 -> 0.499
A79: 75 | B79: 1024010 | C79: 洞庭湖大桥与沿湖大道交叉改建二期工程 | D79: 湖管系统飘尾芦苇场 | E79: 交通运输用地 | F79: 45565 | G79: 划拨 | H79: 1.8153 | I79: 是 | J79: 是 | K79: 未取得批文 | L79: 岳阳县土地储备中心 | R79: =H79 -> 1.8153
A80: 76 | B80: 1124001 | C80: 坪费湖补水工程 | D80: 黄沙街镇荷塘村（坪费湖旁） | E80: 水域及水利设施用地 | F80: 45565 | G80: 划拨 | H80: 0.5952 | I80: 是 | J80: 是 | K80: 未取得批文 | L80: 岳阳县土地储备中心 | T80: =H80 -> 0.5952
A81: 77 | B81: 1124002 | C81: 新墙河四期治理工程（燎原闸坝） | D81: 新墙镇 | E81: 水域及水利设施用地 | F81: 45657 | G81: 划拨 | H81: 3.0255 | I81: 是 | J81: 是 | K81: 未取得批文 | L81: 岳阳县土地储备中心 | T81: =H81 -> 3.0255
A82: 78 | B82: 0924001 | C82: 岳阳县殡仪馆地块 | D82: 荣家湾镇荣鹿公路南 | E82: 特殊用地 | F82: 45657 | G82: 出让 | H82: 3.4783 | I82: 否 | J82: 是 | K82: 未取得批文 | L82: 岳阳县土地储备中心 | S82: =H82 -> 3.4783
A83: 79 | B83: 0824017 | C83: 德欧陶瓷生产基地建设用地项目剩余地块 | D83: 新墙镇马形村 | E83: 公共管理与公共服务用地 | F83: 45565 | G83: 划拨 | H83: 0.7227 | I83: 是 | J83: 是 | K83: 湖南人民政府〔2009〕471号 | L83: 岳阳县土地储备中心 | Q83: =H83 -> 0.7227
A84: 80 | B84: 0824018 | C84: 岳阳县第五批次城乡建设用地增减挂钩项目零星地块 | D84: 荣家湾镇欣荣村 | E84: 公共管理与公共服务用地 | F84: 45565 | G84: 划拨 | H84: 0.063 | I84: 是 | J84: 是 | K84: (2010)政国土 增减挂字第2号 | L84: 岳阳县土地储备中心 | Q84: =H84 -> 0.063
A85: 81 | B85: 0524014 | C85: 岳阳县文发和思源加油站项目打捆 | D85: 荣家湾镇鹿角村 | E85: 商服用地 | F85: 45657 | G85: 出让 | H85: 0.554732 | I85: 是 | J85: 是 | K85: 政国土字[2011]1697号 | L85: 岳阳县土地储备中心 | N85: =H85 -> 0.554732
A86: 82 | B86: 1024011 | C86: 岳阳县2012年第一批次城市建设用地零星地块 | D86: 麻塘洞庭村 | E86: 交通运输用地 | F86: 45657 | G86: 划拨 | H86: 0.285 | I86: 是 | J86: 是 | K86: 政国土字[2012]1713号 | L86: 岳阳县土地储备中心 | R86: =H86 -> 0.285
A87: 83 | B87: 0624017 | C87: 岳阳县建筑幕墙材料机械加工项目建设用地剩余地块 | D87: 柏祥镇柏祥村 | E87: 工矿仓储用地 | F87: 45657 | G87: 划拨 | H87: 0.6782 | I87: 是 | J87: 是 | K87: 政国土字[2012]1712号 | L87: 岳阳县土地储备中心 | P87: =H87 -> 0.6782
A88: 84 | B88: 1024012 | C88: 岳阳县台湾农民创业园精炼茶油加工等四个项目建设用地 | D88: 黄沙街镇坪中村 | E88: 交通运输用地 | F88: 45657 | G88: 划拨 | H88: 1.0014 | I88: 是 | J88: 是 | K88: 政国土字[2013]1336号 | L88: 岳阳县土地储备中心 | R88: =H88 -> 1.0014
A89: 85 | B89: 1024013 | C89: 岳阳港岳阳县港区鹿角作业区2000吨级码头工程建设用地 | D89: 荣家湾镇鹿角村 | E89: 交通运输用地 | F89: 45657 | G89: 划拨 | H89: 1.766793 | I89: 是 | J89: 是 | K89: 政国土字[2013]2004号 | L89: 岳阳县土地储备中心 | R89: =H89 -> 1.766793
A90: 86 | B90: 0824019 | C90: 岳阳县台湾农民创业园精制大米加工等三个项目建设用地 | D90: 黄沙街镇坪中村 | E90: 公共管理与公共服务用地 | F90: 45657 | G90: 划拨 | H90: 0.585 | I90: 是 | J90: 是 | K90: 政国土字[2013]1335号 | L90: 岳阳县土地储备中心 | Q90: =H90 -> 0.585
A91: 87 | B91: 0824020 | C91: 岳阳县竹制系列精品项目建设用地 | D91: 黄沙街镇坪中村 | E91: 公共管理与公共服务用地 | F91: 45657 | G91: 划拨 | H91: 1.4265 | I91: 是 | J91: 是 | K91: 政国土字[2012]542号 | L91: 岳阳县土地储备中心 | Q91: =H91 -> 1.4265
A92: 88 | B92: 0824021 | C92: 岳阳县台创园10万吨精制大米加工等三个项目打捆建设用地（低丘缓坡试点项目） | D92: 黄沙街镇坪中村 | E92: 公共管理与公共服务用地 | F92: 45657 | G92: 划拨 | H92: 3.536 | I92: 是 | J92: 是 | K92: 政国土字[2014]1164号 | L92: 岳阳县土地储备中心 | Q92: =H92 -> 3.536
A93: 89 | B93: 0824022 | C93: 岳阳县2015年第一批次城市建设项目 | D93: 荣家湾镇荣湾湖村（兴吴） | E93: 公共管理与公共服务用地 | F93: 45657 | G93: 划拨 | H93: 2.6399 | I93: 是 | J93: 是 | K93: 政国土字[2015]1323号 | L93: 岳阳县土地储备中心 | Q93: =H93 -> 2.6399
A94: 90 | B94: 0824023 | C94: 岳阳县2017年第三批次建设用地零星地块 | D94: 麻塘洞庭村 | E94: 公共管理与公共服务用地 | F94: 45657 | G94: 划拨 | H94: 0.071 | I94: 是 | J94: 是 | K94: 政国土字〔2017〕1767号 | L94: 岳阳县土地储备中心 | Q94: =H94 -> 0.071
A95: 91 | B95: 0824024 | C95: 岳阳县2017年第五批次建设用地零星地块 | D95: 荣家湾镇荣湾湖村 | E95: 公共管理与公共服务用地 | F95: 45657 | G95: 划拨 | H95: 0.034 | I95: 是 | J95: 是 | K95: 政国土字〔2018〕1043号 | L95: 岳阳县土地储备中心 | Q95: =H95 -> 0.034
A96: 92 | B96: 0824025 | C96: 岳阳县2018年第一批次建设项目 | D96: 荣家湾镇兴园村（工业园） | E96: 公共管理与公共服务用地 | F96: 45657 | G96: 出让 | H96: 0.7568 | I96: 是 | J96: 是 | K96: 政国土字〔2019〕39号 | L96: 岳阳县土地储备中心 | Q96: =H96 -> 0.7568
A97: 93 | B97: 0624018 | C97: 岳阳县2019年度第一批次用地 | D97: 新开镇朱砂桥村 | E97: 工矿仓储用地 | F97: 45565 | G97: 出让 | H97: 2.0615 | I97: 是 | J97: 是 | K97: 政国土字〔2019〕742号 | L97: 岳阳县土地储备中心 | M97: 通益、北大青鸟 | P97: =H97 -> 2.0615
A98: 94 | B98: 1024014 | C98: 岳阳县2017年第二批次建设用地 | D98: 荣家湾镇城北 居委会 | E98: 交通运输用地 | F98: 45657 | G98: 划拨 | H98: 0.0504 | I98: 是 | J98: 是 | K98: 政国土字〔2017〕1573号 | L98: 岳阳县土地储备中心 | R98: =H98 -> 0.0504
A99: 95 | B99: 0824026 | C99: 岳阳县2018年第六批次建设用地 | D99: 麻塘洞庭村、金垅村 | E99: 公共管理与公共服务用地 | F99: 45657 | G99: 划拨 | H99: 0.5981 | I99: 是 | J99: 是 | K99: 政国土字〔2019〕243号 | L99: 岳阳县土地储备中心 | Q99: =H99 -> 0.5981
A100: 96 | B100: 0824027 | C100: 岳阳县2018年第四批次建设项目零星地块 | D100: 新墙镇高桥村 | E100: 公共管理与公共服务用地 | F100: 45657 | G100: 划拨 | H100: 0.0605 | I100: 是 | J100: 是 | K100: 政国土字〔2019〕166号 | L100: 岳阳县土地储备中心 | Q100: =H100 -> 0.0605
A101: 97 | B101: 0624019 | C101: 岳阳县2021年第一批次建设用地零星地块 | D101: 新开镇新开村 | E101: 工矿仓储用地 | F101: 45565 | G101: 出让 | H101: 0.3776 | I101: 是 | J101: 是 | K101: 政国土字〔2021〕556号 | L101: 岳阳县土地储备中心 | P101: =H101 -> 0.3776
A102: 98 | B102: 0624020 | C102: 岳阳高新技术产业园区2020年第一批次周转用地 | D102: 长湖乡长湖村 | E102: 工矿仓储用地 | F102: 45657 | G102: 出让 | H102: 7.5546 | I102: 是 | J102: 是 | K102: 政国土字〔2021〕472号 | L102: 岳阳县土地储备中心 | P102: =H102 -> 7.5546
A103: 99 | B103: 0824028 | C103: 岳阳县2021年第三批次建设用地剩余地块 | D103: 新墙镇高桥村 | E103: 公共管理与公共服务用地 | F103: 45657 | G103: 划拨 | H103: 0.1266 | I103: 是 | J103: 是 | K103: 政国土字〔2022〕983号 | L103: 岳阳县土地储备中心 | Q103: =H103 -> 0.1266
A104: 合计 | H104: =SUM(H5:H103) -> 548.77987 | N104: =SUM(N5:N103) -> 42.860532 | O104: =SUM(O5:O103) -> 105.4448 | P104: =SUM(P5:P103) -> 202.4155 | Q104: =SUM(Q5:Q103) -> 41.0669 | R104: =SUM(R5:R103) -> 149.13319 | S104: =SUM(S5:S103) -> 3.4783 | T104: =SUM(T5:T103) -> 3.6207 | U104: =SUM(U5:U103) -> 0

Sheet 表4.2 计划年度国有建设用地供应统计表
A1: 表4.2 计划年度国有建设用地供应统计表
A2: 单位：公顷
A3: 地类 行政区 | B3: 合计 | D3: 商服用地 | E3: 工矿仓用地 | F3: 住宅用地 | L3: 公共管理与公共服务用地 | M3: 交通运输用地 | N3: 水域及水利设施用地 | O3: 特殊用地 | P3: 其他土地
C4: 其中新增 | F4: 小计 | H4: 廉租住房用地 | I4: 经济适用房用地 | J4: 商品房用地 | K4: 其他住宅用地
G5: 其中新增
A6: -1 | B6: -2 | C6: -3 | D6: -4 | E6: -5 | F6: -6 | G6: -7 | H6: -8 | I6: -9 | J6: -10 | K6: -11 | L6: -12 | M6: -13 | N6: -14 | O6: -15 | P6: -16
A7: 岳阳县 | B7: 548.77987 | C7: 496.25592 | D7: 42.936532 | E7: 209.6158 | F7: 106.12875 | G7: 78.613 | H7: 3.5979 | I7: 0 | J7: 95.58425 | K7: 6.9466 | L7: 41.0669 | M7: 141.93289 | N7: 3.6207 | O7: 3.4783 | P7: 0
C16: 合计 | D16: 商服用地 | E16: 工矿仓储用地 | F16: 住宅用地 | G16: 公共管理与公共服务用地 | H16: 交通运输用地 | I16: 水域及水利设施用地 | J16: 特殊用地
B17: 岳阳县 | C17: =D17+E17+F17+G17+H17+I17+J17 -> 539.5293 | D17: 42.8606 | E17: 202.4155 | F17: 105.4448 | G17: 41.0668 | H17: 140.6426 | I17: 3.6207 | J17: 3.4783

Sheet 表4.3 计划年度住宅用地供应统计表
A1: 表4.3 计划年度住宅用地供应统计表
A2: 单位：公顷
A3: 行政区 | B3: 合计 | D3: 廉租住房用地 | E3: 经济适用房用地 | F3: 商品房用地 | I3: 其他住宅用地
C4: 新增 | F4: 小计 | H4: 中小套型商品住房用地 | I4: 小计 | K4: 公共住宅租赁用地 | L4: 棚户区改造用地 | M4: 安置房用地
G5: 新增 | J5: 新增
A6: -1 | B6: =A6-1 -> -2 | C6: =B6-1 -> -3 | D6: =C6-1 -> -4 | E6: =D6-1 -> -5 | F6: =E6-1 -> -6 | G6: =F6-1 -> -7 | H6: =G6-1 -> -8 | I6: =H6-1 -> -9 | ... M6: =L6-1 -> -13
A7: 岳阳县 | B7: ='表4.2 计划年度国有建设用地供应统计表'!F7 -> 106.12875 | C7: ='表4.2 计划年度国有建设用地供应统计表'!G7 -> 78.613 | D7: ='表4.2 计划年度国有建设用地供应统计表'!H7 -> 3.5979 | E7: ='表4.2 计划年度国有建设用地供应统计表'!I7 -> 0 | F7: ='表4.2 计划年度国有建设用地供应统计表'!J7 -> 95.58425 | G7: =C7-J7 -> 71.6664 | H7: =F7 -> 95.58425 | I7: ='表4.2 计划年度国有建设用地供应统计表'!K7 -> 6.9466 | J7: =I7 -> 6.9466 | K7: 0 | L7: 0 | M7: =I7 -> 6.9466

Sheet 表6 年度土地储备计划指标汇总表
A1: 表6 年度土地储备计划指标汇总表
A2: 单位：公顷
A3: 计划指标 | B3: 合计 | C3: 商服用地 | D3: 住宅用地 | E3: 工矿仓储用地 | F3: 公共管理与公共服务用地 | G3: 特殊用地 | H3: 交通运输用地 | I3: 水域及水利设施用地 | J3: 其他土地
A4: -1 | B4: =A4-1 -> -2 | C4: =B4-1 -> -3 | D4: =C4-1 -> -4 | E4: =D4-1 -> -5 | F4: =E4-1 -> -6 | G4: =F4-1 -> -7 | H4: =G4-1 -> -8 | I4: =H4-1 -> -9 | J4: =I4-1 -> -10
A5: 库存地块面积 | B5: ='表7 计划年度拟入库储备地块信息统计表'!L8 -> 8.12 | C5: 0 | D5: 0 | E5: ='表7 计划年度拟入库储备地块信息统计表'!L7 -> 8.12 | F5: 0 | G5: 0 | H5: 0 | I5: 0 | J5: 0
A6: 年度计划收储地块面积 | B6: ='表7 计划年度拟入库储备地块信息统计表'!L33 -> 174.41 | C6: 64.96 | D6: 33.32 | E6: 71.47 | F6: 4.66 | G6: 0 | H6: 0 | I6: 0 | J6: 0
A7: 土地储备总规模 | B7: =B5+B6 -> 182.53 | C7: =C5+C6 -> 64.96 | D7: =D5+D6 -> 33.32 | E7: =E5+E6 -> 79.59 | F7: =F5+F6 -> 4.66 | G7: =G5+G6 -> 0 | H7: =H5+H6 -> 0 | I7: =I5+I6 -> 0 | J7: =J5+J6 -> 0
A8: 年度计划供应储备地块面积 | B8: 138.29 | C8: 30.43 | D8: 31.73 | E8: 71.47 | F8: 4.66 | G8: 0 | H8: 0 | I8: 0 | J8: 0
A9: 年末库存地块面积 | B9: =B7-B8 -> 44.24 | C9: =C7-C8 -> 34.53 | D9: =D7-D8 -> 1.59 | E9: =E7-E8 -> 8.12 | F9: =F7-F8 -> 0 | G9: =G7-G8 -> 0 | H9: =H7-H8 -> 0 | I9: =I7-I8 -> 0 | J9: =J7-J8 -> 0

Sheet 表7 计划年度拟入库储备地块信息统计表
A1: 表7 计划年度拟入库储备地块信息统计表
A2: 单位：公顷、万元、%
A3: 储备类别 | B3: 序号 | C3: 地块基本信息 | L3: 地块面积及来源 | O3: 地块原始产权信息 | S3: 地块规划信息 | W3: 地块资产信息 | AA3: 地块状态信息 | AC3: 储备土地临时利用 | AE3: 管护方式 | AF3: 地块实际管护主体
C4: 地块编号 | D4: 入库地块电子编号 | E4: 地块名称 | F4: 地块位置 | G4: 四至范围 | H4: 批准时间 | I4: 地块来源 | J4: 取得方式 | K4: 入库时间 | L4: 总面积 | M4: 来源 | O4: 原产权人是否进行了不动产登记 | P4: 原不动产权人 | Q4: 原不动产权证书号 | R4: 证载面积 | S4: 规划用途 | T4: 容积率 | U4: 绿化率 | V4: 建筑密度 | W4: 地块主要用途对应的土地级别 | X4: 基准地价 | Y4: 资产估值评估方式 | Z4: 资产评估价值 | AA4: 地上物情况 | AB4: 前期开发情况 | AC4: 利用方式 | AD4: 零星收入
M5: 新增建设用地面积 | N5: 存量建设用地面积
A6: =-1 -> -1 | B6: =A6-1 -> -2 | C6: =B6-1 -> -3 | D6: =C6-1 -> -4 | E6: =D6-1 -> -5 | F6: =E6-1 -> -6 | G6: =F6-1 -> -7 | H6: =G6-1 -> -8 | I6: =H6-1 -> -9 | ... AF6: =AE6-1 -> -32
A7: 库存地块 | B7: 1 | C7: TC43062123025 | D7: 4306212021CB000001 | E7: 2020年第一批次周转用地 | F7: 岳阳县新墙镇、长湖乡 | G7: 红线范围 | H7: 44421 | I7: 2020年第一批次 | J7: 征地拆迁 | K7: 44421 | L7: 8.12 | M7: 8.12 | N7: 0 | O7: 否 | S7: 工矿仓储用地 | T7: 1.2 | U7: 10 | V7: 30 | W7: 7 | X7: 260 | Y7: 第三方机构评估 | Z7: =ROUND(L7*400,2) -> 3248 | AA7: 有部分零散地上建筑物或构筑物 | AB7: 五通一平 | AC7: 无利用 | AD7: 0 | AE7: 无管护 | AF7: 岳阳高新技术产业园区管理委员会
A8: 小计 | L8: =L7 -> 8.12 | M8: =M7 -> 8.12 | N8: =N7 -> 0 | Z8: =Z7 -> 3248
A9: 年度计划收储地块 | B9: 1 | C9: TC43062123001 | E9: 街赵地块一 | F9: ='表4.1 计划年度国有建设用地供应计划明细表'!D5 -> 月田镇月田村 | G9: 红线范围 | H9: 43195 | I9: ='表4.1 计划年度国有建设用地供应计划明细表'!K5 -> 未取得批文 | J9: 征地拆迁 | K9: 45077 | L9: 7.89 | M9: 7.89 | N9: =L9-M9 -> 0 | O9: 否 | S9: ='表4.1 计划年度国有建设用地供应计划明细表'!E5 -> 商服用地 | T9: 2.65 | U9: 35 | V9: 30 | W9: 5 | X9: 1590 | Y9: 第三方机构评估 | Z9: 17752.5 | AA9: 空地 | AB9: 五通一平 | AC9: 无利用 | AD9: 0 | AE9: 无管护 | AF9: ='表4.1 计划年度国有建设用地供应计划明细表'!L5 -> 岳阳县土地储备中心
B10: 2 | C10: TC43062123002 | E10: 岳雅南侧原恒大地块 | F10: ='表4.1 计划年度国有建设用地供应计划明细表'!D6 -> 张谷英镇 | G10: 红线范围 | H10: 43644 | I10: ='表4.1 计划年度国有建设用地供应计划明细表'!K6 -> 未取得批文 | J10: 征地拆迁 | K10: 45077 | L10: 14.2 | M10: 14.2 | N10: =L10-M10 -> 0 | O10: 否 | S10: ='表4.1 计划年度国有建设用地供应计划明细表'!E6 -> 商服用地 | T10: 2.5 | U10: 35 | V10: 30 | W10: 5 | X10: 1020 | Y10: 第三方机构评估 | Z10: 31950 | AA10: 空地 | AB10: 五通一平 | AC10: 无利用 | AD10: 0 | AE10: 无管护 | AF10: ='表4.1 计划年度国有建设用地供应计划明细表'!L6 -> 岳阳县土地储备中心
B11: 3 | C11: TC43062123003 | E11: 麻塘办事处桃李春风项目 | F11: ='表4.1 计划年度国有建设用地供应计划明细表'!D7 -> 新开镇新开村 | G11: 红线范围 | H11: 44369 | I11: ='表4.1 计划年度国有建设用地供应计划明细表'!K7 -> （2019）政国土挂字第265号 | J11: 征地拆迁 | K11: 45077 | L11: 11.84 | M11: =L11 -> 11.84 | N11: =L11-M11 -> 0 | O11: 否 | S11: ='表4.1 计划年度国有建设用地供应计划明细表'!E7 -> 商服用地 | T11: 2.5 | U11: 35 | V11: 30 | W11: 6 | X11: 750 | Y11: 第三方机构评估 | Z11: 14208 | AA11: 空地 | AB11: 五通一平 | AC11: 无利用 | AD11: 0 | AE11: 无管护 | AF11: ='表4.1 计划年度国有建设用地供应计划明细表'!L7 -> 岳阳县土地储备中心
B12: 4 | C12: TC43062123004 | E12: 宏泰陶瓷收回地块 | F12: ='表4.1 计划年度国有建设用地供应计划明细表'!D8 -> 新开镇新开村 | G12: 红线范围 | I12: ='表4.1 计划年度国有建设用地供应计划明细表'!K8 -> 未取得批文 | J12: 收回 | K12: 45077 | L12: 3.3 | M12: 0 | N12: =L12-M12 -> 3.3 | O12: 否 | S12: ='表4.1 计划年度国有建设用地供应计划明细表'!E8 -> 商服用地 | T12: 1.5 | U12: 35 | V12: 30 | W12: 6 | X12: 1010 | Y12: 第三方机构评估 | Z12: 3960 | AA12: 有完整的地上建筑物 | AB12: 五通一平 | AC12: 无利用 | AD12: 0 | AE12: 无管护 | AF12: ='表4.1 计划年度国有建设用地供应计划明细表'!L8 -> 岳阳县土地储备中心
B13: 5 | C13: TC43062123005 | E13: 石油化工学院（三期） | F13: ='表4.1 计划年度国有建设用地供应计划明细表'!D9 -> 新开镇新开村 | G13: 红线范围 | I13: ='表4.1 计划年度国有建设用地供应计划明细表'!K9 -> YXTCC2021203 | J13: 征地拆迁 | K13: 45169 | L13: 1.33 | M13: 1.33 | N13: =L13-M13 -> 0 | O13: 否 | S13: 公共管理与公共服务用地 | T13: 1.5 | U13: 40 | V13: 30 | W13: 6 | X13: 510 | Y13: 第三方机构评估 | Z13: 957.6 | AA13: 有部分零散地上建筑物或构筑物 | AB13: 五通一平 | AC13: 无利用 | AD13: 0 | AE13: 无管护 | AF13: ='表4.1 计划年度国有建设用地供应计划明细表'!L9 -> 岳阳县土地储备中心
B14: 6 | C14: TC43062123006 | E14: 凌云混凝土搬迁用地新址项目 | F14: ='表4.1 计划年度国有建设用地供应计划明细表'!D10 -> 新墙镇高桥村 | G14: 红线范围 | I14: ='表4.1 计划年度国有建设用地供应计划明细表'!K10 -> 政国土字（2012）884号 | J14: 征地拆迁 | K14: 45169 | L14: 6 | M14: 6 | N14: =L14-M14 -> 0 | O14: 否 | S14: 工矿仓储用地 | T14: 1.2 | U14: 10 | V14: 30 | W14: 7 | X14: 260 | Y14: 第三方机构评估 | Z14: 2520 | AA14: 有部分零散地上建筑物或构筑物 | AB14: 五通一平 | AC14: 无利用 | AD14: 0 | AE14: 无管护 | AF14: ='表4.1 计划年度国有建设用地供应计划明细表'!L10 -> 岳阳县土地储备中心
B15: 7 | C15: TC43062123007 | E15: 高新园区生物医药产业园（一期） | F15: ='表4.1 计划年度国有建设用地供应计划明细表'!D11 -> 新开镇新开村 | G15: 红线范围 | I15: ='表4.1 计划年度国有建设用地供应计划明细表'!K11 -> （2022）政国土字第334号 | J15: 征地拆迁 | K15: 44957 | L15: 23.6 | M15: 23.6 | N15: =L15-M15 -> 0 | O15: 否 | S15: 工矿仓储用地 | T15: 1.2 | U15: 10 | V15: 30 | W15: 7 | X15: 260 | Y15: 第三方机构评估 | Z15: 9440 | AA15: 有部分零散地上建筑物或构筑物 | AB15: 五通一平 | AC15: 无利用 | AD15: 0 | AE15: 无管护 | AF15: ='表4.1 计划年度国有建设用地供应计划明细表'!L11 -> 岳阳县土地储备中心
B16: 8 | C16: TC43062123008 | E16: 集中供热二期项目 | F16: ='表4.1 计划年度国有建设用地供应计划明细表'!D12 -> 麻塘畔湖新村 | G16: 红线范围 | H16: 44555 | I16: ='表4.1 计划年度国有建设用地供应计划明细表'!K12 -> 未取得批文 | J16: 征地拆迁 | K16: 44957 | L16: 1.87 | M16: 1.87 | N16: =L16-M16 -> 0 | O16: 否 | S16: 工矿仓储用地 | T16: 1.2 | U16: 10 | V16: 30 | W16: 7 | X16: 260 | Y16: 第三方机构评估 | Z16: 748 | AA16: 有部分零散地上建筑物或构筑物 | AB16: 五通一平 | AC16: 无利用 | AD16: 0 | AE16: 无管护 | AF16: ='表4.1 计划年度国有建设用地供应计划明细表'!L12 -> 岳阳县土地储备中心
B17: 9 | C17: TC43062123009 | E17: 年产2万吨松香及改性松香树脂系列产品建设项目 | F17: ='表4.1 计划年度国有建设用地供应计划明细表'!D13 -> 麻塘洞庭村 | G17: 红线范围 | I17: ='表4.1 计划年度国有建设用地供应计划明细表'!K13 -> 未取得批文 | J17: 征地拆迁 | K17: 45230 | L17: 1.67 | M17: 1.67 | N17: =L17-M17 -> 0 | O17: 否 | S17: 工矿仓储用地 | T17: 1.2 | U17: 10 | V17: 30 | W17: 7 | X17: 260 | Y17: 第三方机构评估 | Z17: 668 | AA17: 有部分零散地上建筑物或构筑物 | AB17: 五通一平 | AC17: 无利用 | AD17: 0 | AE17: 无管护 | AF17: ='表4.1 计划年度国有建设用地供应计划明细表'!L13 -> 岳阳县土地储备中心
B18: 10 | C18: TC43062123010 | E18: 年产2万吨特种PET膜项目 | F18: ='表4.1 计划年度国有建设用地供应计划明细表'!D14 -> 公田集镇 | G18: 红线范围 | I18: ='表4.1 计划年度国有建设用地供应计划明细表'!K14 -> 未取得批文 | J18: 征地拆迁 | K18: 45230 | L18: 3.33 | M18: 3.33 | N18: =L18-M18 -> 0 | O18: 否 | S18: 工矿仓储用地 | T18: 1.2 | U18: 10 | V18: 30 | W18: 7 | X18: 260 | Y18: 第三方机构评估 | Z18: 1332 | AA18: 有部分零散地上建筑物或构筑物 | AB18: 五通一平 | AC18: 无利用 | AD18: 0 | AE18: 无管护 | AF18: ='表4.1 计划年度国有建设用地供应计划明细表'!L14 -> 岳阳县土地储备中心
B19: 11 | C19: TC43062123011 | E19: 脱硫脱硝环保设备生产项目 | F19: ='表4.1 计划年度国有建设用地供应计划明细表'!D15 -> 步仙镇狮山社区 | G19: 红线范围 | I19: ='表4.1 计划年度国有建设用地供应计划明细表'!K15 -> 未取得批文 | J19: 征地拆迁 | K19: 45230 | L19: 1.67 | M19: 1.67 | N19: =L19-M19 -> 0 | O19: 否 | S19: 工矿仓储用地 | T19: 1.2 | U19: 10 | V19: 30 | W19: 7 | X19: 260 | Y19: 第三方机构评估 | Z19: 668 | AA19: 有部分零散地上建筑物或构筑物 | AB19: 五通一平 | AC19: 无利用 | AD19: 0 | AE19: 无管护 | AF19: ='表4.1 计划年度国有建设用地供应计划明细表'!L15 -> 岳阳县土地储备中心
B20: 12 | C20: TC43062123012 | E20: 北京京能天然气发电站项目 | F20: ='表4.1 计划年度国有建设用地供应计划明细表'!D16 -> 公田镇塘田村 | G20: 红线范围 | I20: ='表4.1 计划年度国有建设用地供应计划明细表'!K16 -> 未取得批文 | J20: 征地拆迁 | K20: 45230 | L20: 26.67 | M20: 26.67 | N20: =L20-M20 -> 0 | O20: 否 | S20: 工矿仓储用地 | T20: 1.2 | U20: 10 | V20: 30 | W20: 7 | X20: 260 | Y20: 第三方机构评估 | Z20: 10668 | AA20: 有部分零散地上建筑物或构筑物 | AB20: 五通一平 | AC20: 无利用 | AD20: 0 | AE20: 无管护 | AF20: ='表4.1 计划年度国有建设用地供应计划明细表'!L16 -> 岳阳县土地储备中心
B21: 13 | C21: TC43062123013 | E21: 年产350万公里非金属光缆加强芯生产项目 | F21: ='表4.1 计划年度国有建设用地供应计划明细表'!D17 -> 麻塘金垅村 | G21: 红线范围 | I21: ='表4.1 计划年度国有建设用地供应计划明细表'!K17 -> 未取得批文 | J21: 征地拆迁 | K21: 45230 | L21: 3.33 | M21: 3.33 | N21: =L21-M21 -> 0 | O21: 否 | S21: 工矿仓储用地 | T21: 1.2 | U21: 10 | V21: 30 | W21: 7 | X21: 260 | Y21: 第三方机构评估 | Z21: 1332 | AA21: 有部分零散地上建筑物或构筑物 | AB21: 五通一平 | AC21: 无利用 | AD21: 0 | AE21: 无管护 | AF21: ='表4.1 计划年度国有建设用地供应计划明细表'!L17 -> 岳阳县土地储备中心
B22: 14 | C22: TC43062123014 | E22: 共享储能电站项目 | F22: ='表4.1 计划年度国有建设用地供应计划明细表'!D19 -> 荣家湾镇荣湾湖村、街赵村、欣荣村、向阳居委会 | G22: 红线范围 | I22: ='表4.1 计划年度国有建设用地供应计划明细表'!K19 -> 未取得批文 | J22: 征地拆迁 | K22: 45230 | L22: 3.33 | M22: 3.33 | N22: =L22-M22 -> 0 | O22: 否 | S22: 工矿仓储用地 | T22: 1.2 | U22: 10 | V22: 30 | W22: 7 | X22: 260 | Y22: 第三方机构评估 | Z22: 1332 | AA22: 有部分零散地上建筑物或构筑物 | AB22: 五通一平 | AC22: 无利用 | AD22: 0 | AE22: 无管护 | AF22: ='表4.1 计划年度国有建设用地供应计划明细表'!L19 -> 岳阳县土地储备中心
B23: 15 | C23: TC43062123015 | E23: 荣湾湖小学北侧地块 | F23: ='表4.1 计划年度国有建设用地供应计划明细表'!D20 -> 新墙镇高桥村 | G23: 红线范围 | I23: ='表4.1 计划年度国有建设用地供应计划明细表'!K20 -> 未取得批文 | J23: 征地拆迁 | K23: 45291 | L23: 5.07 | M23: 5.07 | N23: =L23-M23 -> 0 | O23: 否 | S23: ='表4.1 计划年度国有建设用地供应计划明细表'!E20 -> 住宅用地 | T23: 2.5 | U23: 35 | V23: 30 | W23: 6 | X23: 1150 | Y23: 第三方机构评估 | Z23: 11407.5 | AA23: 有部分零散地上建筑物或构筑物 | AB23: 五通一平 | AC23: 无利用 | AD23: 0 | AE23: 无管护 | AF23: ='表4.1 计划年度国有建设用地供应计划明细表'!L20 -> 岳阳县土地储备中心
B24: 16 | C24: TC43062123016 | E24: 新开东西三角宗地 | F24: ='表4.1 计划年度国有建设用地供应计划明细表'!D21 -> 新开镇新开村 | G24: 红线范围 | I24: ='表4.1 计划年度国有建设用地供应计划明细表'!K21 -> （2020）政国土挂字第256号 | J24: 征地拆迁 | K24: 45169 | L24: 4 | M24: 4 | N24: =L24-M24 -> 0 | O24: 否 | S24: ='表4.1 计划年度国有建设用地供应计划明细表'!E21 -> 住宅用地 | T24: 2.5 | U24: 35 | V24: 30 | W24: 6 | X24: 730 | Y24: 第三方机构评估 | Z24: 4800 | AA24: 有部分零散地上建筑物或构筑物 | AB24: 五通一平 | AC24: 无利用 | AD24: 0 | AE24: 无管护 | AF24: ='表4.1 计划年度国有建设用地供应计划明细表'!L21 -> 岳阳县土地储备中心
B25: 17 | C25: TC43062123017 | E25: ='表4.1 计划年度国有建设用地供应计划明细表'!C22 -> 保障性住房用地 | F25: ='表4.1 计划年度国有建设用地供应计划明细表'!D22 -> 荣家湾镇 | G25: 红线范围 | I25: ='表4.1 计划年度国有建设用地供应计划明细表'!K22 -> 未取得批文 | J25: 收回 | K25: 44957 | L25: 3.33 | M25: 0 | N25: =L25-M25 -> 3.33 | O25: 否 | S25: 商服用地 | T25: 2.5 | U25: 35 | V25: 30 | W25: 5 | X25: 1620 | Y25: 第三方机构评估 | Z25: 6327 | AA25: 有部分零散地上建筑物或构筑物 | AB25: 五通一平 | AC25: 无利用 | AD25: 0 | AE25: 无管护 | AF25: ='表4.1 计划年度国有建设用地供应计划明细表'!L22 -> 岳阳县土地储备中心
B26: 18 | C26: TC43062123018 | E26: ='表4.1 计划年度国有建设用地供应计划明细表'!C23 -> 新开龙湾片区康养项目 | F26: ='表4.1 计划年度国有建设用地供应计划明细表'!D23 -> 新开镇龙湾村 | G26: 红线范围 | I26: ='表4.1 计划年度国有建设用地供应计划明细表'!K23 -> 未取得批文 | J26: 征地拆迁 | K26: 44957 | L26: 10 | M26: 10 | N26: =L26-M26 -> 0 | O26: 否 | S26: 商服用地 | T26: 2.5 | U26: 35 | V26: 30 | W26: 5 | X26: 1590 | Y26: 第三方机构评估 | Z26: 18000 | AA26: 有部分零散地上建筑物或构筑物 | AB26: 五通一平 | AC26: 无利用 | AD26: 0 | AE26: 无管护 | AF26: ='表4.1 计划年度国有建设用地供应计划明细表'!L23 -> 岳阳县土地储备中心
B27: 19 | C27: TC43062123019 | E27: ='表4.1 计划年度国有建设用地供应计划明细表'!C24 -> 新开龙湾片区项目 | F27: ='表4.1 计划年度国有建设用地供应计划明细表'!D24 -> 新开镇龙湾村、共和村 | G27: 红线范围 | I27: 拟报批 | J27: 征地拆迁 | K27: 45016 | L27: 3.33 | M27: 3.33 | N27: =L27-M27 -> 0 | O27: 否 | S27: 公共管理与公共服务用地 | T27: 0.8 | U27: 40 | V27: 30 | W27: 6 | X27: 730 | Y27: 第三方机构评估 | Z27: 4995 | AA27: 有部分零散地上建筑物或构筑物 | AB27: 五通一平 | AC27: 无利用 | AD27: 0 | AE27: 无管护 | AF27: ='表4.1 计划年度国有建设用地供应计划明细表'!L24 -> 岳阳县土地储备中心
B28: 20 | C28: TC43062123020 | E28: 麻塘北大青鸟北侧地块 | F28: 麻塘办事处洞庭村 | G28: 红线范围 | I28: 拟报批 | J28: 征地拆迁 | K28: 45291 | L28: 1.59 | M28: =L28 -> 1.59 | N28: =L28-M28 -> 0 | O28: 否 | S28: 住宅用地 | T28: 2.5 | U28: 35 | V28: 30 | W28: 6 | X28: 750 | Y28: 第三方机构评估 | Z28: 1908 | AA28: 有部分零散地上建筑物或构筑物 | AB28: 五通一平 | AC28: 无利用 | AD28: 0 | AE28: 无管护 | AF28: ='表4.1 计划年度国有建设用地供应计划明细表'!L25 -> 岳阳县土地储备中心
B29: 21 | C29: TC43062123021 | E29: 新开长隆文旅项目 | F29: ='表4.1 计划年度国有建设用地供应计划明细表'!D23 -> 新开镇龙湾村 | G29: 红线范围 | I29: 拟报批 | J29: 征地拆迁 | K29: 45291 | L29: 33.33 | M29: =L29 -> 33.33 | N29: =L29-M29 -> 0 | O29: 否 | S29: 商服用地 | T29: 1.5 | U29: 40 | V29: 30 | W29: 5 | X29: 1590 | Y29: 第三方机构评估 | Z29: =ROUND(L29*2200,2) -> 73326 | AA29: 有部分零散地上建筑物或构筑物 | AB29: 五通一平 | AC29: 无利用 | AD29: 0 | AE29: 无管护 | AF29: ='表4.1 计划年度国有建设用地供应计划明细表'!L26 -> 岳阳县土地储备中心
B30: 22 | C30: TC43062123022 | E30: 麻塘城市综合体项目 | F30: 麻塘办事处洞庭村 | G30: 红线范围 | I30: 拟报批 | J30: 征地拆迁 | K30: 45291 | L30: 1.2 | M30: =L30 -> 1.2 | N30: =L30-M30 -> 0 | O30: 否 | S30: 商服用地 | T30: 1.5 | U30: 40 | V30: 30 | W30: 5 | X30: 1590 | Y30: 第三方机构评估 | Z30: =ROUND(L30*2200,2) -> 2640 | AA30: 有部分零散地上建筑物或构筑物 | AB30: 五通一平 | AC30: 无利用 | AD30: 0 | AE30: 无管护 | AF30: 岳阳县土地储备中心
B31: 23 | C31: TC43062123023 | E31: 城南农贸市场 | F31: ='表4.1 计划年度国有建设用地供应计划明细表'!D25 -> 新开镇新开村 | G31: 红线范围 | I31: 拟报批 | J31: 征地拆迁 | K31: 45291 | L31: 1.2 | M31: =L31 -> 1.2 | N31: =L31-M31 -> 0 | O31: 否 | S31: 商服用地 | T31: 1.2 | U31: 35 | V31: 30 | W31: 6 | X31: 750 | Y31: 第三方机构评估 | Z31: 1440 | AA31: 有部分零散地上建筑物或构筑物 | AB31: 五通一平 | AC31: 无利用 | AD31: 0 | AE31: 无管护 | AF31: 岳阳县土地储备中心
B32: 24 | C32: TC43062123024 | E32: 石油化工学院 | F32: ='表4.1 计划年度国有建设用地供应计划明细表'!D26 -> 新开镇新开村 | G32: 红线范围 | I32: 拟报批 | J32: 征地拆迁 | K32: 45291 | L32: 1.33 | M32: =L32 -> 1.33 | N32: =L32-M32 -> 0 | O32: 否 | S32: 商服用地 | T32: 2.5 | U32: 35 | V32: 30 | W32: 5 | X32: 1590 | Y32: 第三方机构评估 | Z32: 3325 | AA32: 有部分零散地上建筑物或构筑物 | AB32: 五通一平 | AC32: 无利用 | AD32: 0 | AE32: 无管护 | AF32: 岳阳县土地储备中心
B33: 小计 | L33: =SUM(L9:L32) -> 174.41 | M33: =SUM(M9:M32) -> 167.78 | N33: =SUM(N9:N32) -> 6.63 | Z33: =SUM(Z9:Z32) -> 225704.6
A34: 合计 | L34: =L33+L8 -> 182.53 | M34: =M33+M8 -> 175.9 | N34: =N33+N8 -> 6.63 | Z34: =Z33+Z8 -> 228952.6

Sheet 表8 计划年度储备地块收支测算表
A1: 表8 计划年度储备地块收支测算表
A2: 单位：公顷，万元
A3: 类型 | B3: 序号 | C3: 基本信息 | G3: 预期地块成本 | L3: 预期土地收入 | P3: 预计土地出让收益
C4: 地块编号 | D4: 地块名称 | E4: 土地总面积 | F4: 规划用途 | G4: 小计 | H4: 土地取得成本 | I4: 土地前期开发成本 | J4: 资金费用 | K4: 其他费用 | L4: 小计 | M4: 土地出让收入 | N4: 零星收入 | O4: 其他
A5: -1 | B5: =A5-1 -> -2 | C5: =B5-1 -> -3 | D5: =C5-1 -> -4 | E5: =D5-1 -> -5 | F5: =E5-1 -> -6 | G5: =F5-1 -> -7 | H5: =G5-1 -> -8 | I5: =H5-1 -> -9 | ... P5: =O5-1 -> -16
A6: 既往年度储备土地库存地块 | B6: 1 | C6: ='表7 计划年度拟入库储备地块信息统计表'!C7 -> TC43062123025 | D6: ='表7 计划年度拟入库储备地块信息统计表'!E7 -> 2020年第一批次周转用地 | E6: ='表7 计划年度拟入库储备地块信息统计表'!L7 -> 8.12 | F6: ='表7 计划年度拟入库储备地块信息统计表'!S7 -> 工矿仓储用地 | G6: =SUM(H6:K6) -> 3232.17 | H6: ='表7 计划年度拟入库储备地块信息统计表'!X7*'表7 计划年度拟入库储备地块信息统计表'!L7 -> 2111.2 | I6: =120*E6 -> 974.4 | J6: =ROUND((H6+I6)*0.0475,2) -> 146.57 | K6: 0 | L6: =SUM(M6:O6) -> 3248 | M6: ='表7 计划年度拟入库储备地块信息统计表'!Z7 -> 3248 | N6: 0 | O6: 0 | P6: =L6-G6 -> 15.83
B7: 小计 | E7: =SUM(E6:E6) -> 8.12 | G7: =SUM(G6:G6) -> 3232.17 | H7: =SUM(H6:H6) -> 2111.2 | I7: =SUM(I6:I6) -> 974.4 | J7: =SUM(J6:J6) -> 146.57 | K7: =SUM(K6:K6) -> 0 | L7: =SUM(L6:L6) -> 3248 | M7: =SUM(M6:M6) -> 3248 | N7: =SUM(N6:N6) -> 0 | ... P7: =SUM(P6:P6) -> 15.83
A8: 计划年度拟入库储备地块 | B8: ='表7 计划年度拟入库储备地块信息统计表'!B9 -> 1 | C8: ='表7 计划年度拟入库储备地块信息统计表'!C9 -> TC43062123001 | D8: ='表7 计划年度拟入库储备地块信息统计表'!E9 -> 街赵地块一 | E8: ='表7 计划年度拟入库储备地块信息统计表'!L9 -> 7.89 | F8: ='表7 计划年度拟入库储备地块信息统计表'!S9 -> 商服用地 | G8: 14132.77 | H8: 12545.1 | I8: 946.8 | J8: 640.87 | K8: 0 | L8: 17752.5 | M8: 17752.5 | N8: 0 | O8: 0 | P8: =L8-G8 -> 3619.73
B9: ='表7 计划年度拟入库储备地块信息统计表'!B10 -> 2 | C9: ='表7 计划年度拟入库储备地块信息统计表'!C10 -> TC43062123002 | D9: ='表7 计划年度拟入库储备地块信息统计表'!E10 -> 岳雅南侧原恒大地块 | E9: ='表7 计划年度拟入库储备地块信息统计表'!L10 -> 14.2 | F9: ='表7 计划年度拟入库储备地块信息统计表'!S10 -> 商服用地 | G9: 16956.93 | H9: 14484 | I9: 1704 | J9: 768.93 | K9: 0 | L9: 31950 | M9: 31950 | N9: 0 | O9: 0 | P9: =L9-G9 -> 14993.07
B10: ='表7 计划年度拟入库储备地块信息统计表'!B11 -> 3 | C10: ='表7 计划年度拟入库储备地块信息统计表'!C11 -> TC43062123003 | D10: ='表7 计划年度拟入库储备地块信息统计表'!E11 -> 麻塘办事处桃李春风项目 | E10: ='表7 计划年度拟入库储备地块信息统计表'!L11 -> 11.84 | F10: ='表7 计划年度拟入库储备地块信息统计表'!S11 -> 商服用地 | G10: 10790.09 | H10: 8880 | I10: 1420.8 | J10: 489.29 | K10: 0 | L10: 14208 | M10: 14208 | N10: 0 | O10: 0 | P10: =L10-G10 -> 3417.91
B11: ='表7 计划年度拟入库储备地块信息统计表'!B12 -> 4 | C11: ='表7 计划年度拟入库储备地块信息统计表'!C12 -> TC43062123004 | D11: ='表7 计划年度拟入库储备地块信息统计表'!E12 -> 宏泰陶瓷收回地块 | E11: ='表7 计划年度拟入库储备地块信息统计表'!L12 -> 3.3 | F11: ='表7 计划年度拟入库储备地块信息统计表'!S12 -> 商服用地 | G11: 3906.13 | H11: 3333 | I11: 396 | J11: 177.13 | K11: 0 | L11: 3960 | M11: 3960 | N11: 0 | O11: 0 | P11: =L11-G11 -> 53.87
B12: ='表7 计划年度拟入库储备地块信息统计表'!B13 -> 5 | C12: ='表7 计划年度拟入库储备地块信息统计表'!C13 -> TC43062123005 | D12: ='表7 计划年度拟入库储备地块信息统计表'!E13 -> 石油化工学院（三期） | E12: ='表7 计划年度拟入库储备地块信息统计表'!L13 -> 1.33 | F12: ='表7 计划年度拟入库储备地块信息统计表'!S13 -> 公共管理与公共服务用地 | G12: 877.7 | H12: 678.3 | I12: 159.6 | J12: 39.8 | K12: 0 | L12: 957.6 | M12: 957.6 | N12: 0 | O12: 0 | P12: =L12-G12 -> 79.9
B13: ='表7 计划年度拟入库储备地块信息统计表'!B14 -> 6 | C13: ='表7 计划年度拟入库储备地块信息统计表'!C14 -> TC43062123006 | D13: ='表7 计划年度拟入库储备地块信息统计表'!E14 -> 凌云混凝土搬迁用地新址项目 | E13: ='表7 计划年度拟入库储备地块信息统计表'!L14 -> 6 | F13: ='表7 计划年度拟入库储备地块信息统计表'!S14 -> 工矿仓储用地 | G13: 2388.3 | H13: 1560 | I13: 720 | J13: 108.3 | K13: 0 | L13: 2520 | M13: 2520 | N13: 0 | O13: 0 | P13: =L13-G13 -> 131.7
B14: ='表7 计划年度拟入库储备地块信息统计表'!B15 -> 7 | C14: ='表7 计划年度拟入库储备地块信息统计表'!C15 -> TC43062123007 | D14: ='表7 计划年度拟入库储备地块信息统计表'!E15 -> 高新园区生物医药产业园（一期） | E14: ='表7 计划年度拟入库储备地块信息统计表'!L15 -> 23.6 | F14: ='表7 计划年度拟入库储备地块信息统计表'!S15 -> 工矿仓储用地 | G14: 9393.98 | H14: 6136 | I14: 2832 | J14: 425.98 | K14: 0 | L14: 9440 | M14: 9440 | N14: 0 | O14: 0 | P14: =L14-G14 -> 46.02
B15: ='表7 计划年度拟入库储备地块信息统计表'!B16 -> 8 | C15: ='表7 计划年度拟入库储备地块信息统计表'!C16 -> TC43062123008 | D15: ='表7 计划年度拟入库储备地块信息统计表'!E16 -> 集中供热二期项目 | E15: ='表7 计划年度拟入库储备地块信息统计表'!L16 -> 1.87 | F15: ='表7 计划年度拟入库储备地块信息统计表'!S16 -> 工矿仓储用地 | G15: 744.35 | H15: 486.2 | I15: 224.4 | J15: 33.75 | K15: 0 | L15: 748 | M15: 748 | N15: 0 | O15: 0 | P15: =L15-G15 -> 3.65
B16: ='表7 计划年度拟入库储备地块信息统计表'!B17 -> 9 | C16: ='表7 计划年度拟入库储备地块信息统计表'!C17 -> TC43062123009 | D16: ='表7 计划年度拟入库储备地块信息统计表'!E17 -> 年产2万吨松香及改性松香树脂系列产品建设项目 | E16: ='表7 计划年度拟入库储备地块信息统计表'!L17 -> 1.67 | F16: ='表7 计划年度拟入库储备地块信息统计表'!S17 -> 工矿仓储用地 | G16: 664.74 | H16: 434.2 | I16: 200.4 | J16: 30.14 | K16: 0 | L16: 668 | M16: 668 | N16: 0 | O16: 0 | P16: =L16-G16 -> 3.26
B17: ='表7 计划年度拟入库储备地块信息统计表'!B18 -> 10 | C17: ='表7 计划年度拟入库储备地块信息统计表'!C18 -> TC43062123010 | D17: ='表7 计划年度拟入库储备地块信息统计表'!E18 -> 年产2万吨特种PET膜项目 | E17: ='表7 计划年度拟入库储备地块信息统计表'!L18 -> 3.33 | F17: ='表7 计划年度拟入库储备地块信息统计表'!S18 -> 工矿仓储用地 | G17: 1325.51 | H17: 865.8 | I17: 399.6 | J17: 60.11 | K17: 0 | L17: 1332 | M17: 1332 | N17: 0 | O17: 0 | P17: =L17-G17 -> 6.49
B18: ='表7 计划年度拟入库储备地块信息统计表'!B19 -> 11 | C18: ='表7 计划年度拟入库储备地块信息统计表'!C19 -> TC43062123011 | D18: ='表7 计划年度拟入库储备地块信息统计表'!E19 -> 脱硫脱硝环保设备生产项目 | E18: ='表7 计划年度拟入库储备地块信息统计表'!L19 -> 1.67 | F18: ='表7 计划年度拟入库储备地块信息统计表'!S19 -> 工矿仓储用地 | G18: 664.74 | H18: 434.2 | I18: 200.4 | J18: 30.14 | K18: 0 | L18: 668 | M18: 668 | N18: 0 | O18: 0 | P18: =L18-G18 -> 3.26
B19: ='表7 计划年度拟入库储备地块信息统计表'!B20 -> 12 | C19: ='表7 计划年度拟入库储备地块信息统计表'!C20 -> TC43062123012 | D19: ='表7 计划年度拟入库储备地块信息统计表'!E20 -> 北京京能天然气发电站项目 | E19: ='表7 计划年度拟入库储备地块信息统计表'!L20 -> 26.67 | F19: ='表7 计划年度拟入库储备地块信息统计表'!S20 -> 工矿仓储用地 | G19: 10615.99 | H19: 6934.2 | I19: 3200.4 | J19: 481.39 | K19: 0 | L19: 10668 | M19: 10668 | N19: 0 | O19: 0 | P19: =L19-G19 -> 52.01
B20: ='表7 计划年度拟入库储备地块信息统计表'!B21 -> 13 | C20: ='表7 计划年度拟入库储备地块信息统计表'!C21 -> TC43062123013 | D20: ='表7 计划年度拟入库储备地块信息统计表'!E21 -> 年产350万公里非金属光缆加强芯生产项目 | E20: ='表7 计划年度拟入库储备地块信息统计表'!L21 -> 3.33 | F20: ='表7 计划年度拟入库储备地块信息统计表'!S21 -> 工矿仓储用地 | G20: 1325.51 | H20: 865.8 | I20: 399.6 | J20: 60.11 | K20: 0 | L20: 1332 | M20: 1332 | N20: 0 | O20: 0 | P20: =L20-G20 -> 6.49
... B27: ='表7 计划年度拟入库储备地块信息统计表'!B28 -> 20 | C27: ='表7 计划年度拟入库储备地块信息统计表'!C28 -> TC43062123020 | D27: ='表7 计划年度拟入库储备地块信息统计表'!E28 -> 麻塘北大青鸟北侧地块 | E27: ='表7 计划年度拟入库储备地块信息统计表'!L28 -> 1.59 | F27: ='表7 计划年度拟入库储备地块信息统计表'!S28 -> 住宅用地 | G27: 1449.01 | H27: 1192.5 | I27: 190.8 | J27: 65.71 | K27: 0 | L27: 1908 | M27: 1908 | N27: 0 | O27: 0 | P27: =L27-G27 -> 458.99
B28: ='表7 计划年度拟入库储备地块信息统计表'!B29 -> 21 | C28: ='表7 计划年度拟入库储备地块信息统计表'!C29 -> TC43062123021 | D28: ='表7 计划年度拟入库储备地块信息统计表'!E29 -> 新开长隆文旅项目 | E28: ='表7 计划年度拟入库储备地块信息统计表'!L29 -> 33.33 | F28: ='表7 计划年度拟入库储备地块信息统计表'!S29 -> 商服用地 | G28: =SUM(H28:K28) -> 59701.53 | H28: =ROUND('表7 计划年度拟入库储备地块信息统计表'!X29*'表7 计划年度拟入库储备地块信息统计表'!M29,2) -> 52994.7 | I28: =ROUND(E28*120,2) -> 3999.6 | J28: =ROUND((H28+I28)*0.0475,2) -> 2707.23 | K28: 0 | L28: ='表7 计划年度拟入库储备地块信息统计表'!Z29 -> 73326 | M28: ='表7 计划年度拟入库储备地块信息统计表'!Z29 -> 73326 | N28: 0 | O28: 0 | P28: =L28-G28 -> 13624.47
B29: ='表7 计划年度拟入库储备地块信息统计表'!B30 -> 22 | C29: ='表7 计划年度拟入库储备地块信息统计表'!C30 -> TC43062123022 | D29: ='表7 计划年度拟入库储备地块信息统计表'!E30 -> 麻塘城市综合体项目 | E29: ='表7 计划年度拟入库储备地块信息统计表'!L30 -> 1.2 | F29: ='表7 计划年度拟入库储备地块信息统计表'!S30 -> 商服用地 | G29: =SUM(H29:K29) -> 2149.47 | H29: =ROUND('表7 计划年度拟入库储备地块信息统计表'!X30*'表7 计划年度拟入库储备地块信息统计表'!M30,2) -> 1908 | I29: =ROUND(E29*120,2) -> 144 | J29: =ROUND((H29+I29)*0.0475,2) -> 97.47 | K29: 0 | L29: ='表7 计划年度拟入库储备地块信息统计表'!Z30 -> 2640 | M29: ='表7 计划年度拟入库储备地块信息统计表'!Z30 -> 2640 | N29: 0 | O29: 0 | P29: =L29-G29 -> 490.53
B30: ='表7 计划年度拟入库储备地块信息统计表'!B31 -> 23 | C30: ='表7 计划年度拟入库储备地块信息统计表'!C31 -> TC43062123023 | D30: ='表7 计划年度拟入库储备地块信息统计表'!E31 -> 城南农贸市场 | E30: ='表7 计划年度拟入库储备地块信息统计表'!L31 -> 1.2 | F30: ='表7 计划年度拟入库储备地块信息统计表'!S31 -> 商服用地 | G30: 1093.59 | H30: 900 | I30: 144 | J30: 49.59 | K30: 0 | L30: 1440 | M30: 1440 | N30: 0 | O30: 0 | P30: =L30-G30 -> 346.41
B31: ='表7 计划年度拟入库储备地块信息统计表'!B32 -> 24 | C31: ='表7 计划年度拟入库储备地块信息统计表'!C32 -> TC43062123024 | D31: ='表7 计划年度拟入库储备地块信息统计表'!E32 -> 石油化工学院 | E31: ='表7 计划年度拟入库储备地块信息统计表'!L32 -> 1.33 | F31: ='表7 计划年度拟入库储备地块信息统计表'!S32 -> 商服用地 | G31: 2382.33 | H31: 2114.7 | I31: 159.6 | J31: 108.03 | K31: 0 | L31: 3325 | M31: 3325 | N31: 0 | O31: 0 | P31: =L31-G31 -> 942.67
B32: ='[1]6.7 计划年度拟入库储备地块信息统计表'!A31 -> 小计 | E32: =SUM(E8:E31) -> 174.41 | G32: =SUM(G8:G31) -> 179141.05 | H32: =SUM(H8:H31) -> 150088.5 | I32: =SUM(I8:I31) -> 20929.2 | J32: =SUM(J8:J31) -> 8123.35 | K32: =SUM(K8:K31) -> 0 | L32: =SUM(L8:L31) -> 225704.6 | M32: =SUM(M8:M31) -> 225704.6 | N32: =SUM(N8:N31) -> 0 | ... P32: =SUM(P8:P31) -> 46563.55
A33: 合计 | E33: =E32+E7 -> 182.53 | G33: =G32+G7 -> 182373.22 | H33: =H32+H7 -> 152199.7 | I33: =I32+I7 -> 21903.6 | J33: =J32+J7 -> 8269.92 | K33: =K32+K7 -> 0 | L33: =L32+L7 -> 228952.6 | M33: =M32+M7 -> 228952.6 | N33: =N32+N7 -> 0 | ... P33: =P32+P7 -> 46579.38

Sheet 表9 计划年度土地储备项目表
A1: 表9 计划年度土地储备项目表
A2: 单位：公顷，万元
A3: 序号 | B3: 项目基本信息 | G3: 项目周期情况 | J3: 项目收支情况 | L3: 项目分类
B4: 项目名称 | C4: 项目编号 | D4: 项目位置 | E4: 地块数量 | F4: 储备面积 | G4: 项目总周期 | H4: 其中预计收储周期 | I4: 其中预期供应周期 | J4: 预计总成本 | K4: 预期土地出让收入
A5: ='表8 计划年度储备地块收支测算表'!A5 -> -1 | B5: ='表8 计划年度储备地块收支测算表'!B5 -> -2 | C5: ='表8 计划年度储备地块收支测算表'!C5 -> -3 | D5: ='表8 计划年度储备地块收支测算表'!D5 -> -4 | E5: ='表8 计划年度储备地块收支测算表'!E5 -> -5 | F5: ='表8 计划年度储备地块收支测算表'!F5 -> -6 | G5: ='表8 计划年度储备地块收支测算表'!G5 -> -7 | H5: ='表8 计划年度储备地块收支测算表'!H5 -> -8 | ... L5: ='表8 计划年度储备地块收支测算表'!L5 -> -12
A6: 1 | B6: 街赵地块一 | C6: 1 | D6: 岳阳县荣家湾镇长风路西侧坪西路北侧北侧 | E6: 1 | F6: 7.89 | G6: 2年 | H6: 0.8年 | I6: 1.2年 | J6: 14132.77 | K6: 17752.5 | L6: A
A7: 2 | B7: 岳雅南侧原恒大地块 | C7: 2 | D7: 麻塘办事处洞庭村 | E7: 1 | F7: 14.2 | G7: 2年 | H7: 0.8年 | I7: 1.2年 | J7: 16956.93 | K7: 31950 | L7: A
A8: 3 | B8: 麻塘办事处桃李春风项目 | C8: 3 | D8: 麻塘办事处金垅村 | E8: 1 | F8: 11.84 | G8: 2年 | H8: 0.8年 | I8: 1.2年 | J8: 10790.09 | K8: 14208 | L8: A
A9: 4 | B9: 宏泰陶瓷收回地块 | C9: 4 | D9: 麻塘办事处金垅村 | E9: 1 | F9: 3.3 | G9: 2年 | H9: 0.8年 | I9: 1.2年 | J9: 3906.13 | K9: 3960 | L9: A
A10: 5 | B10: 石油化工学院（三期） | C10: 5 | D10: 新开镇新开村 | E10: 1 | F10: 1.33 | G10: 2年 | H10: 0.8年 | I10: 1.2年 | J10: 877.7 | K10: 957.6 | L10: A
A11: 6 | B11: 凌云混凝土搬迁用地新址项目 | C11: 6 | D11: 荣家湾镇欣荣村 | E11: 1 | F11: 6 | G11: 2年 | H11: 0.8年 | I11: 1.2年 | J11: 2388.3 | K11: 2520 | L11: A
A12: 7 | B12: 高新园区生物医药产业园（一期） | C12: 7 | D12: 岳阳县高新工业园区 | E12: 1 | F12: 23.6 | G12: 2年 | H12: 0.8年 | I12: 1.2年 | J12: 9393.98 | K12: 9440 | L12: A
A13: 8 | B13: 集中供热二期项目 | C13: 8 | D13: 岳阳县高新工业园区 | E13: 1 | F13: 1.87 | G13: 2年 | H13: 0.8年 | I13: 1.2年 | J13: 744.35 | K13: 748 | L13: A
A14: 9 | B14: 年产2万吨松香及改性松香树脂系列产品建设项目 | C14: 9 | D14: 岳阳县高新工业园区 | E14: 1 | F14: 1.67 | G14: 2年 | H14: 0.8年 | I14: 1.2年 | J14: 664.74 | K14: 668 | L14: A
A15: 10 | B15: 年产2万吨特种PET膜项目 | C15: 10 | D15: 岳阳县高新工业园区 | E15: 1 | F15: 3.33 | G15: 2年 | H15: 0.8年 | I15: 1.2年 | J15: 1325.51 | K15: 1332 | L15: A
A16: 11 | B16: 脱硫脱硝环保设备生产项目 | C16: 11 | D16: 岳阳县高新工业园区 | E16: 1 | F16: 1.67 | G16: 2年 | H16: 0.8年 | I16: 1.2年 | J16: 664.74 | K16: 668 | L16: A
A17: 12 | B17: 北京京能天然气发电站项目 | C17: 12 | D17: 岳阳县高新工业园区 | E17: 1 | F17: 26.67 | G17: 2年 | H17: 0.8年 | I17: 1.2年 | J17: 10615.99 | K17: 10668 | L17: A
... A25: 20 | B25: 麻塘北大青鸟北侧地块 | C25: 20 | D25: 岳阳县荣家湾镇 | E25: 1 | F25: 1.59 | G25: 2年 | H25: 0.8年 | I25: 1.2年 | J25: 1449.01 | K25: 1908 | L25: A
A26: 21 | B26: ='表8 计划年度储备地块收支测算表'!D28 -> 新开长隆文旅项目 | C26: 21 | D26: ='表7 计划年度拟入库储备地块信息统计表'!F29 -> 新开镇龙湾村 | E26: 1 | F26: ='表7 计划年度拟入库储备地块信息统计表'!L29 -> 33.33 | G26: 2年 | H26: 0.8年 | I26: 1.2年 | J26: ='表8 计划年度储备地块收支测算表'!G28 -> 59701.53 | K26: ='表8 计划年度储备地块收支测算表'!L28 -> 73326 | L26: A
A27: 22 | B27: ='表8 计划年度储备地块收支测算表'!D29 -> 麻塘城市综合体项目 | C27: 22 | D27: ='表7 计划年度拟入库储备地块信息统计表'!F30 -> 麻塘办事处洞庭村 | E27: 1 | F27: ='表7 计划年度拟入库储备地块信息统计表'!L30 -> 1.2 | G27: 2年 | H27: 0.8年 | I27: 1.2年 | J27: ='表8 计划年度储备地块收支测算表'!G29 -> 2149.47 | K27: ='表8 计划年度储备地块收支测算表'!L29 -> 2640 | L27: A
A28: 23 | B28: 城南农贸市场 | C28: 23 | D28: 岳阳县荣家湾镇 | E28: 1 | F28: 1.2 | G28: 2年 | H28: 0.8年 | I28: 1.2年 | J28: ='表8 计划年度储备地块收支测算表'!G30 -> 1093.59 | K28: 1440 | L28: A
A29: 24 | B29: 石油化工学院 | C29: 24 | D29: 新开镇新开村 | E29: 1 | F29: 1.33 | G29: 2年 | H29: 0.8年 | I29: 1.2年 | J29: ='表8 计划年度储备地块收支测算表'!G31 -> 2382.33 | K29: 3325 | L29: A
A30: 25 | B30: ='表7 计划年度拟入库储备地块信息统计表'!E7 -> 2020年第一批次周转用地 | C30: =A30 -> 25 | D30: ='表7 计划年度拟入库储备地块信息统计表'!F7 -> 岳阳县新墙镇、长湖乡 | E30: 1 | F30: ='表7 计划年度拟入库储备地块信息统计表'!L7 -> 8.12 | G30: 2年 | H30: 0.8年 | I30: 1.2年 | J30: ='表8 计划年度储备地块收支测算表'!G6 -> 3232.17 | K30: ='表8 计划年度储备地块收支测算表'!L6 -> 3248 | L30: A
A31: 合计 | F31: =SUM(F6:F30) -> 182.53 | J31: =SUM(J6:J30) -> 182373.22 | K31: =SUM(K6:K30) -> 228952.6

Sheet 表 10  计划年度储备活动铺排表
A1: 表 10 计划年度储备活动铺排表
A2: 单位：公顷，万元、万元/公顷
A3: 序号 | B3: 基本信息 | H3: 计划年度是否安排前期开发 | I3: 前期开发安排 | L3: 计划年度是否临时利用和管护 | M3: 储备土地管护情况 | P3: 储备土地临时利用情况 | S3: 计划年度是否供应 | T3: 储备土地供应计划
B4: 地块编号 | C4: 地块名称 | D4: 土地总面积 | E4: 规划用途 | F4: 预计征地拆迁完成时间 | G4: 基础设施建设状况 | I4: 前期土地开 发程度 | J4: 前期土地开 发完成时间 | K4: 预计前期开发费用 | M4: 管护方式 | N4: 管护单位 | O4: 管护支出 | P4: 临时利用方式 | Q4: 临时利用年限 | R4: 预计临时利用收入 | T4: 预计供地时间 | U4: 土地供应方式 | V4: 预计土地单价 | W4: 规划可供地面积 | X4: 预计土地供应收入 | Y4: 土地储备成本 | Z4: 供应土地预计收益
A5: ='表9 计划年度土地储备项目表'!A5 -> -1 | B5: =A5-1 -> -2 | C5: =B5-1 -> -3 | D5: =C5-1 -> -4 | E5: =D5-1 -> -5 | F5: =E5-1 -> -6 | G5: =F5-1 -> -7 | H5: =G5-1 -> -8 | I5: =H5-1 -> -9 | ... Z5: =Y5-1 -> -26
A6: 1 | B6: TC43062123001 | C6: 街赵地块一 | D6: 7.89 | E6: ='表7 计划年度拟入库储备地块信息统计表'!S9 -> 商服用地 | F6: 44967 | G6: 五通一平 | H6: 是 | I6: 五通一平 | J6: 44997 | K6: 946.8 | L6: 否 | M6: ='表7 计划年度拟入库储备地块信息统计表'!AE9 -> 无管护 | N6: ='表7 计划年度拟入库储备地块信息统计表'!AF9 -> 岳阳县土地储备中心 | O6: 0 | P6: 无利用 | Q6: 0 | R6: 0 | S6: 是 | T6: 45169 | U6: 出让 | V6: =ROUND(X6/D6,0) -> 2250 | W6: 7.89 | X6: ='表8 计划年度储备地块收支测算表'!L8 -> 17752.5 | Y6: ='表8 计划年度储备地块收支测算表'!G8 -> 14132.77 | Z6: =X6-Y6 -> 3619.73
A7: 2 | B7: TC43062123002 | C7: 岳雅南侧原恒大地块 | D7: 14.2 | E7: ='表7 计划年度拟入库储备地块信息统计表'!S10 -> 商服用地 | F7: 44967 | G7: 五通一平 | H7: 是 | I7: 五通一平 | J7: 44997 | K7: 1704 | L7: 否 | M7: ='表7 计划年度拟入库储备地块信息统计表'!AE10 -> 无管护 | N7: ='表7 计划年度拟入库储备地块信息统计表'!AF10 -> 岳阳县土地储备中心 | O7: 0 | P7: 无利用 | Q7: 0 | R7: 0 | S7: 是 | T7: 45169 | U7: 出让 | V7: =ROUND(X7/D7,0) -> 2250 | W7: 14.2 | X7: ='表8 计划年度储备地块收支测算表'!L9 -> 31950 | Y7: ='表8 计划年度储备地块收支测算表'!G9 -> 16956.93 | Z7: =X7-Y7 -> 14993.07
A8: 3 | B8: TC43062123003 | C8: 麻塘办事处桃李春风项目 | D8: 11.84 | E8: ='表7 计划年度拟入库储备地块信息统计表'!S11 -> 商服用地 | F8: 44967 | G8: 五通一平 | H8: 是 | I8: 五通一平 | J8: 44997 | K8: 1420.8 | L8: 否 | M8: ='表7 计划年度拟入库储备地块信息统计表'!AE11 -> 无管护 | N8: ='表7 计划年度拟入库储备地块信息统计表'!AF11 -> 岳阳县土地储备中心 | O8: 0 | P8: 无利用 | Q8: 0 | R8: 0 | S8: 是 | T8: 45169 | U8: 出让 | V8: =ROUND(X8/D8,0) -> 1200 | W8: 11.84 | X8: ='表8 计划年度储备地块收支测算表'!L10 -> 14208 | Y8: ='表8 计划年度储备地块收支测算表'!G10 -> 10790.09 | Z8: =X8-Y8 -> 3417.91
A9: 4 | B9: TC43062123004 | C9: 宏泰陶瓷收回地块 | D9: 3.3 | E9: ='表7 计划年度拟入库储备地块信息统计表'!S12 -> 商服用地 | F9: 44967 | G9: 五通一平 | H9: 是 | I9: 五通一平 | J9: 44997 | K9: 396 | L9: 否 | M9: ='表7 计划年度拟入库储备地块信息统计表'!AE12 -> 无管护 | N9: ='表7 计划年度拟入库储备地块信息统计表'!AF12 -> 岳阳县土地储备中心 | O9: 0 | P9: 无利用 | Q9: 0 | R9: 0 | S9: 是 | T9: 45169 | U9: 出让 | V9: =ROUND(X9/D9,0) -> 1200 | W9: 3.3 | X9: ='表8 计划年度储备地块收支测算表'!L11 -> 3960 | Y9: ='表8 计划年度储备地块收支测算表'!G11 -> 3906.13 | Z9: =X9-Y9 -> 53.87
A10: 5 | B10: TC43062123005 | C10: 石油化工学院（三期） | D10: 1.33 | E10: ='表7 计划年度拟入库储备地块信息统计表'!S13 -> 公共管理与公共服务用地 | F10: 45059 | G10: 五通一平 | H10: 是 | I10: 五通一平 | J10: 45089 | K10: 159.6 | L10: 否 | M10: ='表7 计划年度拟入库储备地块信息统计表'!AE13 -> 无管护 | N10: ='表7 计划年度拟入库储备地块信息统计表'!AF13 -> 岳阳县土地储备中心 | O10: 0 | P10: 无利用 | Q10: 0 | R10: 0 | S10: 是 | T10: 45291 | U10: 出让 | V10: =ROUND(X10/D10,0) -> 720 | W10: 1.33 | X10: ='表8 计划年度储备地块收支测算表'!L12 -> 957.6 | Y10: ='表8 计划年度储备地块收支测算表'!G12 -> 877.7 | Z10: =X10-Y10 -> 79.9
A11: 6 | B11: TC43062123006 | C11: 凌云混凝土搬迁用地新址项目 | D11: 6 | E11: ='表7 计划年度拟入库储备地块信息统计表'!S14 -> 工矿仓储用地 | F11: 45059 | G11: 五通一平 | H11: 是 | I11: 五通一平 | J11: 45089 | K11: 720 | L11: 否 | M11: ='表7 计划年度拟入库储备地块信息统计表'!AE14 -> 无管护 | N11: ='表7 计划年度拟入库储备地块信息统计表'!AF14 -> 岳阳县土地储备中心 | O11: 0 | P11: 无利用 | Q11: 0 | R11: 0 | S11: 是 | T11: 45291 | U11: 出让 | V11: =ROUND(X11/D11,0) -> 420 | W11: 6 | X11: ='表8 计划年度储备地块收支测算表'!L13 -> 2520 | Y11: ='表8 计划年度储备地块收支测算表'!G13 -> 2388.3 | Z11: =X11-Y11 -> 131.7
A12: 7 | B12: TC43062123007 | C12: 高新园区生物医药产业园（一期） | D12: 23.6 | E12: ='表7 计划年度拟入库储备地块信息统计表'!S15 -> 工矿仓储用地 | F12: 44847 | G12: 五通一平 | H12: 是 | I12: 五通一平 | J12: 44877 | K12: 2832 | L12: 否 | M12: ='表7 计划年度拟入库储备地块信息统计表'!AE15 -> 无管护 | N12: ='表7 计划年度拟入库储备地块信息统计表'!AF15 -> 岳阳县土地储备中心 | O12: 0 | P12: 无利用 | Q12: 0 | R12: 0 | S12: 是 | T12: 45016 | U12: 出让 | V12: =ROUND(X12/D12,0) -> 400 | W12: 23.6 | X12: ='表8 计划年度储备地块收支测算表'!L14 -> 9440 | Y12: ='表8 计划年度储备地块收支测算表'!G14 -> 9393.98 | Z12: =X12-Y12 -> 46.02
A13: 8 | B13: TC43062123008 | C13: 集中供热二期项目 | D13: 1.87 | E13: ='表7 计划年度拟入库储备地块信息统计表'!S16 -> 工矿仓储用地 | F13: 44847 | G13: 五通一平 | H13: 是 | I13: 五通一平 | J13: 44877 | K13: 224.4 | L13: 否 | M13: ='表7 计划年度拟入库储备地块信息统计表'!AE16 -> 无管护 | N13: ='表7 计划年度拟入库储备地块信息统计表'!AF16 -> 岳阳县土地储备中心 | O13: 0 | P13: 无利用 | Q13: 0 | R13: 0 | S13: 是 | T13: 45016 | U13: 出让 | V13: =ROUND(X13/D13,0) -> 400 | W13: 1.87 | X13: ='表8 计划年度储备地块收支测算表'!L15 -> 748 | Y13: ='表8 计划年度储备地块收支测算表'!G15 -> 744.35 | Z13: =X13-Y13 -> 3.65
A14: 9 | B14: TC43062123009 | C14: 年产2万吨松香及改性松香树脂系列产品建设项目 | D14: 1.67 | E14: ='表7 计划年度拟入库储备地块信息统计表'!S17 -> 工矿仓储用地 | F14: 45120 | G14: 五通一平 | H14: 是 | I14: 五通一平 | J14: 45150 | K14: 200.4 | L14: 否 | M14: ='表7 计划年度拟入库储备地块信息统计表'!AE17 -> 无管护 | N14: ='表7 计划年度拟入库储备地块信息统计表'!AF17 -> 岳阳县土地储备中心 | O14: 0 | P14: 无利用 | Q14: 0 | R14: 0 | S14: 是 | T14: 45230 | U14: 出让 | V14: =ROUND(X14/D14,0) -> 400 | W14: 1.67 | X14: ='表8 计划年度储备地块收支测算表'!L16 -> 668 | Y14: ='表8 计划年度储备地块收支测算表'!G16 -> 664.74 | Z14: =X14-Y14 -> 3.26
A15: 10 | B15: TC43062123010 | C15: 年产2万吨特种PET膜项目 | D15: 3.33 | E15: ='表7 计划年度拟入库储备地块信息统计表'!S18 -> 工矿仓储用地 | F15: 45120 | G15: 五通一平 | H15: 是 | I15: 五通一平 | J15: 45150 | K15: 399.6 | L15: 否 | M15: ='表7 计划年度拟入库储备地块信息统计表'!AE18 -> 无管护 | N15: ='表7 计划年度拟入库储备地块信息统计表'!AF18 -> 岳阳县土地储备中心 | O15: 0 | P15: 无利用 | Q15: 0 | R15: 0 | S15: 是 | T15: 45230 | U15: 出让 | V15: =ROUND(X15/D15,0) -> 400 | W15: 3.33 | X15: ='表8 计划年度储备地块收支测算表'!L17 -> 1332 | Y15: ='表8 计划年度储备地块收支测算表'!G17 -> 1325.51 | Z15: =X15-Y15 -> 6.49
A16: 11 | B16: TC43062123011 | C16: 脱硫脱硝环保设备生产项目 | D16: 1.67 | E16: ='表7 计划年度拟入库储备地块信息统计表'!S19 -> 工矿仓储用地 | F16: 45120 | G16: 五通一平 | H16: 是 | I16: 五通一平 | J16: 45150 | K16: 200.4 | L16: 否 | M16: ='表7 计划年度拟入库储备地块信息统计表'!AE19 -> 无管护 | N16: ='表7 计划年度拟入库储备地块信息统计表'!AF19 -> 岳阳县土地储备中心 | O16: 0 | P16: 无利用 | Q16: 0 | R16: 0 | S16: 是 | T16: 45230 | U16: 划拨 | V16: =ROUND(X16/D16,0) -> 400 | W16: 1.67 | X16: ='表8 计划年度储备地块收支测算表'!L18 -> 668 | Y16: ='表8 计划年度储备地块收支测算表'!G18 -> 664.74 | Z16: =X16-Y16 -> 3.26
A17: 12 | B17: TC43062123012 | C17: 北京京能天然气发电站项目 | D17: 26.67 | E17: ='表7 计划年度拟入库储备地块信息统计表'!S20 -> 工矿仓储用地 | F17: 45120 | G17: 五通一平 | H17: 是 | I17: 五通一平 | J17: 45150 | K17: 3200.4 | L17: 否 | M17: ='表7 计划年度拟入库储备地块信息统计表'!AE20 -> 无管护 | N17: ='表7 计划年度拟入库储备地块信息统计表'!AF20 -> 岳阳县土地储备中心 | O17: 0 | P17: 无利用 | Q17: 0 | R17: 0 | S17: 是 | T17: 45230 | U17: 划拨 | V17: =ROUND(X17/D17,0) -> 400 | W17: 26.67 | X17: ='表8 计划年度储备地块收支测算表'!L19 -> 10668 | Y17: ='表8 计划年度储备地块收支测算表'!G19 -> 10615.99 | Z17: =X17-Y17 -> 52.01
... A25: 20 | B25: TC43062123020 | C25: 麻塘北大青鸟北侧地块 | D25: 1.59 | E25: ='表7 计划年度拟入库储备地块信息统计表'!S28 -> 住宅用地 | F25: 45181 | G25: 五通一平 | H25: 是 | I25: 五通一平 | J25: 45211 | K25: 190.8 | L25: 否 | M25: ='表7 计划年度拟入库储备地块信息统计表'!AE28 -> 无管护 | N25: ='表7 计划年度拟入库储备地块信息统计表'!AF28 -> 岳阳县土地储备中心 | O25: 0 | P25: 无利用 | Q25: 0 | R25: 0 | S25: 否 | T25: 45596 | U25: 出让 | V25: =ROUND(X25/D25,0) -> 1200 | W25: 0 | X25: ='表8 计划年度储备地块收支测算表'!L27 -> 1908 | Y25: ='表8 计划年度储备地块收支测算表'!G27 -> 1449.01 | Z25: =X25-Y25 -> 458.99
A26: 21 | B26: TC43062123021 | C26: ='表9 计划年度土地储备项目表'!B26 -> 新开长隆文旅项目 | D26: ='表9 计划年度土地储备项目表'!F26 -> 33.33 | E26: ='表7 计划年度拟入库储备地块信息统计表'!S29 -> 商服用地 | F26: 45181 | G26: 五通一平 | H26: 是 | I26: 五通一平 | J26: 45211 | K26: ='表8 计划年度储备地块收支测算表'!I28 -> 3999.6 | L26: 否 | M26: ='表7 计划年度拟入库储备地块信息统计表'!AE29 -> 无管护 | N26: ='表7 计划年度拟入库储备地块信息统计表'!AF29 -> 岳阳县土地储备中心 | O26: 0 | P26: 无利用 | Q26: 0 | R26: 0 | S26: 否 | T26: 45596 | U26: 出让 | V26: =ROUND(X26/D26,0) -> 2200 | W26: 0 | X26: ='表8 计划年度储备地块收支测算表'!L28 -> 73326 | Y26: ='表8 计划年度储备地块收支测算表'!G28 -> 59701.53 | Z26: =X26-Y26 -> 13624.47
A27: 22 | B27: TC43062123022 | C27: ='表9 计划年度土地储备项目表'!B27 -> 麻塘城市综合体项目 | D27: ='表9 计划年度土地储备项目表'!F27 -> 1.2 | E27: ='表7 计划年度拟入库储备地块信息统计表'!S30 -> 商服用地 | F27: 45181 | G27: 五通一平 | H27: 是 | I27: 五通一平 | J27: 45211 | K27: ='表8 计划年度储备地块收支测算表'!I29 -> 144 | L27: 否 | M27: ='表7 计划年度拟入库储备地块信息统计表'!AE30 -> 无管护 | N27: ='表7 计划年度拟入库储备地块信息统计表'!AF30 -> 岳阳县土地储备中心 | O27: 0 | P27: 无利用 | Q27: 0 | R27: 0 | S27: 否 | T27: 45596 | U27: 出让 | V27: =ROUND(X27/D27,0) -> 2200 | W27: 0 | X27: ='表8 计划年度储备地块收支测算表'!L29 -> 2640 | Y27: ='表8 计划年度储备地块收支测算表'!G29 -> 2149.47 | Z27: =X27-Y27 -> 490.53
A28: 23 | B28: TC43062123023 | C28: 城南农贸市场 | D28: 1.2 | E28: ='表7 计划年度拟入库储备地块信息统计表'!S31 -> 商服用地 | F28: 45181 | G28: 五通一平 | H28: 是 | I28: 五通一平 | J28: 45211 | K28: 144 | L28: 否 | M28: ='表7 计划年度拟入库储备地块信息统计表'!AE31 -> 无管护 | N28: ='表7 计划年度拟入库储备地块信息统计表'!AF31 -> 岳阳县土地储备中心 | O28: 0 | P28: 无利用 | Q28: 0 | R28: 0 | S28: 是 | T28: 45231 | U28: 出让 | V28: =ROUND(X28/D28,0) -> 1200 | W28: 1.2 | X28: ='表8 计划年度储备地块收支测算表'!L30 -> 1440 | Y28: ='表8 计划年度储备地块收支测算表'!G30 -> 1093.59 | Z28: =X28-Y28 -> 346.41
A29: 24 | B29: ='表7 计划年度拟入库储备地块信息统计表'!C32 -> TC43062123024 | C29: ='表7 计划年度拟入库储备地块信息统计表'!E32 -> 石油化工学院 | D29: ='表7 计划年度拟入库储备地块信息统计表'!L32 -> 1.33 | E29: ='表7 计划年度拟入库储备地块信息统计表'!S32 -> 商服用地 | F29: 45181 | G29: 五通一平 | H29: 是 | I29: 五通一平 | J29: 45211 | K29: ='表8 计划年度储备地块收支测算表'!I31 -> 159.6 | L29: 否 | M29: ='表7 计划年度拟入库储备地块信息统计表'!AE32 -> 无管护 | N29: ='表7 计划年度拟入库储备地块信息统计表'!AF32 -> 岳阳县土地储备中心 | O29: 0 | P29: 无利用 | Q29: 0 | R29: 0 | S29: 是 | T29: 45232 | U29: 出让 | V29: =ROUND(X29/D29,0) -> 2500 | W29: 1.33 | X29: ='表8 计划年度储备地块收支测算表'!L31 -> 3325 | Y29: ='表8 计划年度储备地块收支测算表'!G31 -> 2382.33 | Z29: =X29-Y29 -> 942.67
A30: ='表9 计划年度土地储备项目表'!A30 -> 25 | B30: ='表8 计划年度储备地块收支测算表'!C6 -> TC43062123025 | C30: ='表9 计划年度土地储备项目表'!B30 -> 2020年第一批次周转用地 | D30: ='表8 计划年度储备地块收支测算表'!E6 -> 8.12 | E30: ='表8 计划年度储备地块收支测算表'!F6 -> 工矿仓储用地 | F30: 43993 | G30: 五通一平 | H30: 是 | I30: 五通一平 | J30: 44023 | K30: ='表8 计划年度储备地块收支测算表'!I6 -> 974.4 | L30: 否 | M30: 无管护 | N30: 岳阳高新技术产业园区管理委员会 | O30: 0 | P30: 无利用 | Q30: 0 | R30: 0 | S30: 否 | T30: 45508 | U30: 出让 | V30: 400 | W30: 0 | X30: ='表8 计划年度储备地块收支测算表'!M6 -> 3248 | Y30: ='表8 计划年度储备地块收支测算表'!G6 -> 3232.17 | Z30: =X30-Y30 -> 15.83
D31: =SUM(D6:D29) -> 174.41 | K31: =SUM(K6:K30) -> 21903.6 | O31: =SUM(O6:O29) -> 0 | Q31: =SUM(Q6:Q29) -> 0 | R31: =SUM(R6:R29) -> 0 | W31: =SUM(W6:W30) -> 138.29 | X31: =SUM(X6:X30) -> 228952.6 | Y31: =SUM(Y6:Y30) -> 182373.22 | Z31: =SUM(Z6:Z30) -> 46579.38

Sheet 表11 计划年度末库存储备土地地块信息统计表
A1: 表11 计划年度末库存储备土地地块信息统计表
A2: 单位：公顷，万元
A3: 序号 | B3: 基本信息 | I3: 储备土地临时利用 | K3: 预计出库时间
B4: 地块编号 | C4: 地块名称 | D4: 地块位置 | E4: 土地总面积 | F4: 规划用途 | G4: 批准时间 | H4: 地块来源 | I4: 临时利用方式 | J4: 零星收入
A5: ='表8 计划年度储备地块收支测算表'!A5 -> -1 | B5: ='表8 计划年度储备地块收支测算表'!B5 -> -2 | C5: ='表8 计划年度储备地块收支测算表'!C5 -> -3 | D5: ='表8 计划年度储备地块收支测算表'!D5 -> -4 | E5: ='表8 计划年度储备地块收支测算表'!E5 -> -5 | F5: ='表8 计划年度储备地块收支测算表'!F5 -> -6 | G5: ='表8 计划年度储备地块收支测算表'!G5 -> -7 | H5: ='表8 计划年度储备地块收支测算表'!H5 -> -8 | ... K5: ='表8 计划年度储备地块收支测算表'!K5 -> -11
A6: 1 | B6: ='表7 计划年度拟入库储备地块信息统计表'!C28 -> TC43062123020 | C6: ='表7 计划年度拟入库储备地块信息统计表'!E28 -> 麻塘北大青鸟北侧地块 | D6: ='表7 计划年度拟入库储备地块信息统计表'!F28 -> 麻塘办事处洞庭村 | E6: ='表7 计划年度拟入库储备地块信息统计表'!L28 -> 1.59 | F6: ='表7 计划年度拟入库储备地块信息统计表'!S28 -> 住宅用地 | H6: 拟报批 | I6: 无利用 | J6: 0 | K6: ='表 10 计划年度储备活动铺排表'!T25 -> 45596
A7: 2 | B7: ='表7 计划年度拟入库储备地块信息统计表'!C29 -> TC43062123021 | C7: ='表7 计划年度拟入库储备地块信息统计表'!E29 -> 新开长隆文旅项目 | D7: ='表7 计划年度拟入库储备地块信息统计表'!F29 -> 新开镇龙湾村 | E7: ='表7 计划年度拟入库储备地块信息统计表'!L29 -> 33.33 | F7: ='表7 计划年度拟入库储备地块信息统计表'!S29 -> 商服用地 | H7: 拟报批 | I7: 无利用 | J7: 0 | K7: ='表 10 计划年度储备活动铺排表'!T26 -> 45596
A8: 3 | B8: ='表7 计划年度拟入库储备地块信息统计表'!C30 -> TC43062123022 | C8: ='表7 计划年度拟入库储备地块信息统计表'!E30 -> 麻塘城市综合体项目 | D8: ='表7 计划年度拟入库储备地块信息统计表'!F30 -> 麻塘办事处洞庭村 | E8: ='表7 计划年度拟入库储备地块信息统计表'!L30 -> 1.2 | F8: ='表7 计划年度拟入库储备地块信息统计表'!S30 -> 商服用地 | H8: 拟报批 | I8: 无利用 | J8: 0 | K8: ='表 10 计划年度储备活动铺排表'!T27 -> 45596
A9: 4 | B9: ='表 10 计划年度储备活动铺排表'!B30 -> TC43062123025 | C9: ='表 10 计划年度储备活动铺排表'!C30 -> 2020年第一批次周转用地 | D9: ='表9 计划年度土地储备项目表'!D30 -> 岳阳县新墙镇、长湖乡 | E9: ='表9 计划年度土地储备项目表'!F30 -> 8.12 | F9: ='表8 计划年度储备地块收支测算表'!F6 -> 工矿仓储用地 | H9: 拟报批 | I9: 无利用 | J9: 0 | K9: 45596
A10: 小计 | E10: =SUM(E6:E9) -> 44.24 | J10: =SUM(J6:J8) -> 0

Sheet 表12 计划年度土地储备计划指标分解表
A1: 表12 计划年度土地储备计划指标分解表
A2: 单位：公顷，万元
A3: 类型 | B3: 序号 | C3: 基本信息 | J3: 面积指标分解 | N3: 计划年度土地支出情况 | S3: 资金安排计划 | V3: 备注
C4: 地块编号 | D4: 地块名称 | E4: 地块位置 | F4: 取得方式 | G4: 批准时间 | H4: 地块来源 | I4: 土地面积 | J4: 计划前期开发整理 | K4: 计划临时利用 | L4: 计划供应 | M4: 计划年度末库存储备土地 | N4: 小计 | O4: 预计土地取得支出 | P4: 土地前期开发成本 | Q4: 资金费用 | R4: 其他费用 | S4: 财政投资 | T4: 债券 | U4: 其他
A5: ='表11 计划年度末库存储备土地地块信息统计表'!A5 -> -1 | B5: =A5-1 -> -2 | C5: =B5-1 -> -3 | D5: =C5-1 -> -4 | E5: =D5-1 -> -5 | F5: =E5-1 -> -6 | G5: =F5-1 -> -7 | H5: =G5-1 -> -8 | I5: =H5-1 -> -9 | ... V5: =U5-1 -> -22
A6: 库存地块 | B6: 1 | C6: ='表7 计划年度拟入库储备地块信息统计表'!C7 -> TC43062123025 | D6: ='表7 计划年度拟入库储备地块信息统计表'!E7 -> 2020年第一批次周转用地 | E6: ='表7 计划年度拟入库储备地块信息统计表'!F7 -> 岳阳县新墙镇、长湖乡 | F6: ='表7 计划年度拟入库储备地块信息统计表'!J7 -> 征地拆迁 | G6: ='表7 计划年度拟入库储备地块信息统计表'!H7 -> 44421 | H6: =D6 -> 2020年第一批次周转用地 | I6: ='表7 计划年度拟入库储备地块信息统计表'!L7 -> 8.12 | J6: =I6 -> 8.12 | K6: =0 -> 0 | L6: 0 | M6: 8.12 | N6: ='表8 计划年度储备地块收支测算表'!G6 -> 3232.17 | O6: ='表8 计划年度储备地块收支测算表'!H6 -> 2111.2 | P6: ='表8 计划年度储备地块收支测算表'!I6 -> 974.4 | Q6: ='表8 计划年度储备地块收支测算表'!J6 -> 146.57 | R6: ='表8 计划年度储备地块收支测算表'!K6 -> 0 | S6: =N6 -> 3232.17 | T6: 0 | U6: 0
B7: 小计 | I7: =SUM(I6) -> 8.12 | J7: =SUM(J6) -> 8.12 | K7: =SUM(K6) -> 0 | L7: =SUM(L6) -> 0 | M7: =SUM(M6) -> 8.12 | N7: =SUM(N6) -> 3232.17 | O7: =SUM(O6) -> 2111.2 | P7: =SUM(P6) -> 974.4 | ... U7: =SUM(U6) -> 0
A8: 年度计划收储地块 | B8: 1 | C8: TC43062123001 | D8: ='表7 计划年度拟入库储备地块信息统计表'!E9 -> 街赵地块一 | E8: ='表7 计划年度拟入库储备地块信息统计表'!F9 -> 月田镇月田村 | F8: ='表7 计划年度拟入库储备地块信息统计表'!J9 -> 征地拆迁 | G8: ='表7 计划年度拟入库储备地块信息统计表'!H9 -> 43195 | H8: ='表7 计划年度拟入库储备地块信息统计表'!I9 -> 未取得批文 | I8: ='表7 计划年度拟入库储备地块信息统计表'!L9 -> 7.89 | J8: =I8 -> 7.89 | K8: 0 | L8: ='表 10 计划年度储备活动铺排表'!W6 -> 7.89 | M8: =I8-L8 -> 0 | N8: ='表8 计划年度储备地块收支测算表'!G8 -> 14132.77 | O8: ='表8 计划年度储备地块收支测算表'!H8 -> 12545.1 | P8: ='表8 计划年度储备地块收支测算表'!I8 -> 946.8 | Q8: ='表8 计划年度储备地块收支测算表'!J8 -> 640.87 | R8: ='表8 计划年度储备地块收支测算表'!K8 -> 0 | S8: =N8 -> 14132.77 | T8: 0 | U8: 0
B9: 2 | C9: TC43062123002 | D9: ='表7 计划年度拟入库储备地块信息统计表'!E10 -> 岳雅南侧原恒大地块 | E9: ='表7 计划年度拟入库储备地块信息统计表'!F10 -> 张谷英镇 | F9: ='表7 计划年度拟入库储备地块信息统计表'!J10 -> 征地拆迁 | G9: ='表7 计划年度拟入库储备地块信息统计表'!H10 -> 43644 | H9: ='表7 计划年度拟入库储备地块信息统计表'!I10 -> 未取得批文 | I9: ='表7 计划年度拟入库储备地块信息统计表'!L10 -> 14.2 | J9: =I9 -> 14.2 | K9: 0 | L9: ='表 10 计划年度储备活动铺排表'!W7 -> 14.2 | M9: =I9-L9 -> 0 | N9: ='表8 计划年度储备地块收支测算表'!G9 -> 16956.93 | O9: ='表8 计划年度储备地块收支测算表'!H9 -> 14484 | P9: ='表8 计划年度储备地块收支测算表'!I9 -> 1704 | Q9: ='表8 计划年度储备地块收支测算表'!J9 -> 768.93 | R9: ='表8 计划年度储备地块收支测算表'!K9 -> 0 | S9: =N9 -> 16956.93 | T9: 0 | U9: 0
B10: 3 | C10: TC43062123003 | D10: ='表7 计划年度拟入库储备地块信息统计表'!E11 -> 麻塘办事处桃李春风项目 | E10: ='表7 计划年度拟入库储备地块信息统计表'!F11 -> 新开镇新开村 | F10: ='表7 计划年度拟入库储备地块信息统计表'!J11 -> 征地拆迁 | G10: ='表7 计划年度拟入库储备地块信息统计表'!H11 -> 44369 | H10: ='表7 计划年度拟入库储备地块信息统计表'!I11 -> （2019）政国土挂字第265号 | I10: ='表7 计划年度拟入库储备地块信息统计表'!L11 -> 11.84 | J10: =I10 -> 11.84 | K10: 0 | L10: ='表 10 计划年度储备活动铺排表'!W8 -> 11.84 | M10: =I10-L10 -> 0 | N10: ='表8 计划年度储备地块收支测算表'!G10 -> 10790.09 | O10: ='表8 计划年度储备地块收支测算表'!H10 -> 8880 | P10: ='表8 计划年度储备地块收支测算表'!I10 -> 1420.8 | Q10: ='表8 计划年度储备地块收支测算表'!J10 -> 489.29 | R10: ='表8 计划年度储备地块收支测算表'!K10 -> 0 | S10: =N10 -> 10790.09 | T10: 0 | U10: 0
B11: 4 | C11: TC43062123004 | D11: ='表7 计划年度拟入库储备地块信息统计表'!E12 -> 宏泰陶瓷收回地块 | E11: ='表7 计划年度拟入库储备地块信息统计表'!F12 -> 新开镇新开村 | F11: ='表7 计划年度拟入库储备地块信息统计表'!J12 -> 收回 | H11: ='表7 计划年度拟入库储备地块信息统计表'!I12 -> 未取得批文 | I11: ='表7 计划年度拟入库储备地块信息统计表'!L12 -> 3.3 | J11: =I11 -> 3.3 | K11: 0 | L11: ='表 10 计划年度储备活动铺排表'!W9 -> 3.3 | M11: =I11-L11 -> 0 | N11: ='表8 计划年度储备地块收支测算表'!G11 -> 3906.13 | O11: ='表8 计划年度储备地块收支测算表'!H11 -> 3333 | P11: ='表8 计划年度储备地块收支测算表'!I11 -> 396 | Q11: ='表8 计划年度储备地块收支测算表'!J11 -> 177.13 | R11: ='表8 计划年度储备地块收支测算表'!K11 -> 0 | S11: =N11 -> 3906.13 | T11: 0 | U11: 0
B12: 5 | C12: TC43062123005 | D12: ='表7 计划年度拟入库储备地块信息统计表'!E13 -> 石油化工学院（三期） | E12: ='表7 计划年度拟入库储备地块信息统计表'!F13 -> 新开镇新开村 | F12: ='表7 计划年度拟入库储备地块信息统计表'!J13 -> 征地拆迁 | H12: ='表7 计划年度拟入库储备地块信息统计表'!I13 -> YXTCC2021203 | I12: ='表7 计划年度拟入库储备地块信息统计表'!L13 -> 1.33 | J12: =I12 -> 1.33 | K12: 0 | L12: ='表 10 计划年度储备活动铺排表'!W10 -> 1.33 | M12: =I12-L12 -> 0 | N12: ='表8 计划年度储备地块收支测算表'!G12 -> 877.7 | O12: ='表8 计划年度储备地块收支测算表'!H12 -> 678.3 | P12: ='表8 计划年度储备地块收支测算表'!I12 -> 159.6 | Q12: ='表8 计划年度储备地块收支测算表'!J12 -> 39.8 | R12: ='表8 计划年度储备地块收支测算表'!K12 -> 0 | S12: =N12 -> 877.7 | T12: 0 | U12: 0
B13: 6 | C13: TC43062123006 | D13: ='表7 计划年度拟入库储备地块信息统计表'!E14 -> 凌云混凝土搬迁用地新址项目 | E13: ='表7 计划年度拟入库储备地块信息统计表'!F14 -> 新墙镇高桥村 | F13: ='表7 计划年度拟入库储备地块信息统计表'!J14 -> 征地拆迁 | H13: ='表7 计划年度拟入库储备地块信息统计表'!I14 -> 政国土字（2012）884号 | I13: ='表7 计划年度拟入库储备地块信息统计表'!L14 -> 6 | J13: =I13 -> 6 | K13: 0 | L13: ='表 10 计划年度储备活动铺排表'!W11 -> 6 | M13: =I13-L13 -> 0 | N13: ='表8 计划年度储备地块收支测算表'!G13 -> 2388.3 | O13: ='表8 计划年度储备地块收支测算表'!H13 -> 1560 | P13: ='表8 计划年度储备地块收支测算表'!I13 -> 720 | Q13: ='表8 计划年度储备地块收支测算表'!J13 -> 108.3 | R13: ='表8 计划年度储备地块收支测算表'!K13 -> 0 | S13: =N13 -> 2388.3 | T13: 0 | U13: 0
B14: 7 | C14: TC43062123007 | D14: ='表7 计划年度拟入库储备地块信息统计表'!E15 -> 高新园区生物医药产业园（一期） | E14: ='表7 计划年度拟入库储备地块信息统计表'!F15 -> 新开镇新开村 | F14: ='表7 计划年度拟入库储备地块信息统计表'!J15 -> 征地拆迁 | H14: ='表7 计划年度拟入库储备地块信息统计表'!I15 -> （2022）政国土字第334号 | I14: ='表7 计划年度拟入库储备地块信息统计表'!L15 -> 23.6 | J14: =I14 -> 23.6 | K14: 0 | L14: ='表 10 计划年度储备活动铺排表'!W12 -> 23.6 | M14: =I14-L14 -> 0 | N14: ='表8 计划年度储备地块收支测算表'!G14 -> 9393.98 | O14: ='表8 计划年度储备地块收支测算表'!H14 -> 6136 | P14: ='表8 计划年度储备地块收支测算表'!I14 -> 2832 | Q14: ='表8 计划年度储备地块收支测算表'!J14 -> 425.98 | R14: ='表8 计划年度储备地块收支测算表'!K14 -> 0 | S14: =N14 -> 9393.98 | T14: 0 | U14: 0
B15: 8 | C15: TC43062123008 | D15: ='表7 计划年度拟入库储备地块信息统计表'!E16 -> 集中供热二期项目 | E15: ='表7 计划年度拟入库储备地块信息统计表'!F16 -> 麻塘畔湖新村 | F15: ='表7 计划年度拟入库储备地块信息统计表'!J16 -> 征地拆迁 | G15: ='表7 计划年度拟入库储备地块信息统计表'!H16 -> 44555 | H15: ='表7 计划年度拟入库储备地块信息统计表'!I16 -> 未取得批文 | I15: ='表7 计划年度拟入库储备地块信息统计表'!L16 -> 1.87 | J15: =I15 -> 1.87 | K15: 0 | L15: ='表 10 计划年度储备活动铺排表'!W13 -> 1.87 | M15: =I15-L15 -> 0 | N15: ='表8 计划年度储备地块收支测算表'!G15 -> 744.35 | O15: ='表8 计划年度储备地块收支测算表'!H15 -> 486.2 | P15: ='表8 计划年度储备地块收支测算表'!I15 -> 224.4 | Q15: ='表8 计划年度储备地块收支测算表'!J15 -> 33.75 | R15: ='表8 计划年度储备地块收支测算表'!K15 -> 0 | S15: =N15 -> 744.35 | T15: 0 | U15: 0
B16: 9 | C16: TC43062123009 | D16: ='表7 计划年度拟入库储备地块信息统计表'!E17 -> 年产2万吨松香及改性松香树脂系列产品建设项目 | E16: ='表7 计划年度拟入库储备地块信息统计表'!F17 -> 麻塘洞庭村 | F16: ='表7 计划年度拟入库储备地块信息统计表'!J17 -> 征地拆迁 | H16: ='表7 计划年度拟入库储备地块信息统计表'!I17 -> 未取得批文 | I16: ='表7 计划年度拟入库储备地块信息统计表'!L17 -> 1.67 | J16: =I16 -> 1.67 | K16: 0 | L16: ='表 10 计划年度储备活动铺排表'!W14 -> 1.67 | M16: =I16-L16 -> 0 | N16: ='表8 计划年度储备地块收支测算表'!G16 -> 664.74 | O16: ='表8 计划年度储备地块收支测算表'!H16 -> 434.2 | P16: ='表8 计划年度储备地块收支测算表'!I16 -> 200.4 | Q16: ='表8 计划年度储备地块收支测算表'!J16 -> 30.14 | R16: ='表8 计划年度储备地块收支测算表'!K16 -> 0 | S16: =N16 -> 664.74 | T16: 0 | U16: 0
B17: 10 | C17: TC43062123010 | D17: ='表7 计划年度拟入库储备地块信息统计表'!E18 -> 年产2万吨特种PET膜项目 | E17: ='表7 计划年度拟入库储备地块信息统计表'!F18 -> 公田集镇 | F17: ='表7 计划年度拟入库储备地块信息统计表'!J18 -> 征地拆迁 | H17: ='表7 计划年度拟入库储备地块信息统计表'!I18 -> 未取得批文 | I17: ='表7 计划年度拟入库储备地块信息统计表'!L18 -> 3.33 | J17: =I17 -> 3.33 | K17: 0 | L17: ='表 10 计划年度储备活动铺排表'!W15 -> 3.33 | M17: =I17-L17 -> 0 | N17: ='表8 计划年度储备地块收支测算表'!G17 -> 1325.51 | O17: ='表8 计划年度储备地块收支测算表'!H17 -> 865.8 | P17: ='表8 计划年度储备地块收支测算表'!I17 -> 399.6 | Q17: ='表8 计划年度储备地块收支测算表'!J17 -> 60.11 | R17: ='表8 计划年度储备地块收支测算表'!K17 -> 0 | S17: =N17 -> 1325.51 | T17: 0 | U17: 0
B18: 11 | C18: TC43062123011 | D18: ='表7 计划年度拟入库储备地块信息统计表'!E19 -> 脱硫脱硝环保设备生产项目 | E18: ='表7 计划年度拟入库储备地块信息统计表'!F19 -> 步仙镇狮山社区 | F18: ='表7 计划年度拟入库储备地块信息统计表'!J19 -> 征地拆迁 | H18: ='表7 计划年度拟入库储备地块信息统计表'!I19 -> 未取得批文 | I18: ='表7 计划年度拟入库储备地块信息统计表'!L19 -> 1.67 | J18: =I18 -> 1.67 | K18: 0 | L18: ='表 10 计划年度储备活动铺排表'!W16 -> 1.67 | M18: =I18-L18 -> 0 | N18: ='表8 计划年度储备地块收支测算表'!G18 -> 664.74 | O18: ='表8 计划年度储备地块收支测算表'!H18 -> 434.2 | P18: ='表8 计划年度储备地块收支测算表'!I18 -> 200.4 | Q18: ='表8 计划年度储备地块收支测算表'!J18 -> 30.14 | R18: ='表8 计划年度储备地块收支测算表'!K18 -> 0 | S18: =N18 -> 664.74 | T18: 0 | U18: 0
B19: 12 | C19: TC43062123012 | D19: ='表7 计划年度拟入库储备地块信息统计表'!E20 -> 北京京能天然气发电站项目 | E19: ='表7 计划年度拟入库储备地块信息统计表'!F20 -> 公田镇塘田村 | F19: ='表7 计划年度拟入库储备地块信息统计表'!J20 -> 征地拆迁 | H19: ='表7 计划年度拟入库储备地块信息统计表'!I20 -> 未取得批文 | I19: ='表7 计划年度拟入库储备地块信息统计表'!L20 -> 26.67 | J19: =I19 -> 26.67 | K19: 0 | L19: ='表 10 计划年度储备活动铺排表'!W17 -> 26.67 | M19: =I19-L19 -> 0 | N19: ='表8 计划年度储备地块收支测算表'!G19 -> 10615.99 | O19: ='表8 计划年度储备地块收支测算表'!H19 -> 6934.2 | P19: ='表8 计划年度储备地块收支测算表'!I19 -> 3200.4 | Q19: ='表8 计划年度储备地块收支测算表'!J19 -> 481.39 | R19: ='表8 计划年度储备地块收支测算表'!K19 -> 0 | S19: =N19 -> 10615.99 | T19: 0 | U19: 0
B20: 13 | C20: TC43062123013 | D20: ='表7 计划年度拟入库储备地块信息统计表'!E21 -> 年产350万公里非金属光缆加强芯生产项目 | E20: ='表7 计划年度拟入库储备地块信息统计表'!F21 -> 麻塘金垅村 | F20: ='表7 计划年度拟入库储备地块信息统计表'!J21 -> 征地拆迁 | H20: ='表7 计划年度拟入库储备地块信息统计表'!I21 -> 未取得批文 | I20: ='表7 计划年度拟入库储备地块信息统计表'!L21 -> 3.33 | J20: =I20 -> 3.33 | K20: 0 | L20: ='表 10 计划年度储备活动铺排表'!W18 -> 3.33 | M20: =I20-L20 -> 0 | N20: ='表8 计划年度储备地块收支测算表'!G20 -> 1325.51 | O20: ='表8 计划年度储备地块收支测算表'!H20 -> 865.8 | P20: ='表8 计划年度储备地块收支测算表'!I20 -> 399.6 | Q20: ='表8 计划年度储备地块收支测算表'!J20 -> 60.11 | R20: ='表8 计划年度储备地块收支测算表'!K20 -> 0 | S20: =N20 -> 1325.51 | T20: 0 | U20: 0
B21: 14 | C21: TC43062123014 | D21: ='表7 计划年度拟入库储备地块信息统计表'!E22 -> 共享储能电站项目 | E21: ='表7 计划年度拟入库储备地块信息统计表'!F22 -> 荣家湾镇荣湾湖村、街赵村、欣荣村、向阳居委会 | F21: ='表7 计划年度拟入库储备地块信息统计表'!J22 -> 征地拆迁 | H21: ='表7 计划年度拟入库储备地块信息统计表'!I22 -> 未取得批文 | I21: ='表7 计划年度拟入库储备地块信息统计表'!L22 -> 3.33 | J21: =I21 -> 3.33 | K21: 0 | L21: ='表 10 计划年度储备活动铺排表'!W19 -> 3.33 | M21: =I21-L21 -> 0 | N21: ='表8 计划年度储备地块收支测算表'!G21 -> 1325.51 | O21: ='表8 计划年度储备地块收支测算表'!H21 -> 865.8 | P21: ='表8 计划年度储备地块收支测算表'!I21 -> 399.6 | Q21: ='表8 计划年度储备地块收支测算表'!J21 -> 60.11 | R21: ='表8 计划年度储备地块收支测算表'!K21 -> 0 | S21: =N21 -> 1325.51 | T21: 0 | U21: 0
B22: 15 | C22: TC43062123015 | D22: ='表7 计划年度拟入库储备地块信息统计表'!E23 -> 荣湾湖小学北侧地块 | E22: ='表7 计划年度拟入库储备地块信息统计表'!F23 -> 新墙镇高桥村 | F22: ='表7 计划年度拟入库储备地块信息统计表'!J23 -> 征地拆迁 | H22: ='表7 计划年度拟入库储备地块信息统计表'!I23 -> 未取得批文 | I22: ='表7 计划年度拟入库储备地块信息统计表'!L23 -> 5.07 | J22: =I22 -> 5.07 | K22: 0 | L22: ='表 10 计划年度储备活动铺排表'!W20 -> 5.07 | M22: =I22-L22 -> 0 | N22: ='表8 计划年度储备地块收支测算表'!G22 -> 6744.75 | O22: ='表8 计划年度储备地块收支测算表'!H22 -> 5830.5 | P22: ='表8 计划年度储备地块收支测算表'!I22 -> 608.4 | Q22: ='表8 计划年度储备地块收支测算表'!J22 -> 305.85 | R22: ='表8 计划年度储备地块收支测算表'!K22 -> 0 | S22: =N22 -> 6744.75 | T22: 0 | U22: 0
B23: 16 | C23: TC43062123016 | D23: ='表7 计划年度拟入库储备地块信息统计表'!E24 -> 新开东西三角宗地 | E23: ='表7 计划年度拟入库储备地块信息统计表'!F24 -> 新开镇新开村 | F23: ='表7 计划年度拟入库储备地块信息统计表'!J24 -> 征地拆迁 | H23: ='表7 计划年度拟入库储备地块信息统计表'!I24 -> （2020）政国土挂字第256号 | I23: ='表7 计划年度拟入库储备地块信息统计表'!L24 -> 4 | J23: =I23 -> 4 | K23: 0 | L23: ='表 10 计划年度储备活动铺排表'!W21 -> 4 | M23: =I23-L23 -> 0 | N23: ='表8 计划年度储备地块收支测算表'!G23 -> 3561.5 | O23: ='表8 计划年度储备地块收支测算表'!H23 -> 2920 | P23: ='表8 计划年度储备地块收支测算表'!I23 -> 480 | Q23: ='表8 计划年度储备地块收支测算表'!J23 -> 161.5 | R23: ='表8 计划年度储备地块收支测算表'!K23 -> 0 | S23: =N23 -> 3561.5 | T23: 0 | U23: 0
B24: 17 | C24: TC43062123017 | D24: ='表7 计划年度拟入库储备地块信息统计表'!E25 -> 保障性住房用地 | E24: ='表7 计划年度拟入库储备地块信息统计表'!F25 -> 荣家湾镇 | F24: ='表7 计划年度拟入库储备地块信息统计表'!J25 -> 收回 | H24: ='表7 计划年度拟入库储备地块信息统计表'!I25 -> 未取得批文 | I24: ='表7 计划年度拟入库储备地块信息统计表'!L25 -> 3.33 | J24: =I24 -> 3.33 | K24: 0 | L24: ='表 10 计划年度储备活动铺排表'!W22 -> 3.33 | M24: =I24-L24 -> 0 | N24: ='表8 计划年度储备地块收支测算表'!G24 -> 6069.42 | O24: ='表8 计划年度储备地块收支测算表'!H24 -> 5394.6 | P24: ='表8 计划年度储备地块收支测算表'!I24 -> 399.6 | Q24: ='表8 计划年度储备地块收支测算表'!J24 -> 275.22 | R24: ='表8 计划年度储备地块收支测算表'!K24 -> 0 | S24: =N24 -> 6069.42 | T24: 0 | U24: 0
B25: 18 | C25: TC43062123018 | D25: ='表7 计划年度拟入库储备地块信息统计表'!E26 -> 新开龙湾片区康养项目 | E25: ='表7 计划年度拟入库储备地块信息统计表'!F26 -> 新开镇龙湾村 | F25: ='表7 计划年度拟入库储备地块信息统计表'!J26 -> 征地拆迁 | H25: ='表7 计划年度拟入库储备地块信息统计表'!I26 -> 未取得批文 | I25: ='表7 计划年度拟入库储备地块信息统计表'!L26 -> 10 | J25: =I25 -> 10 | K25: 0 | L25: ='表 10 计划年度储备活动铺排表'!W23 -> 10 | M25: =I25-L25 -> 0 | N25: ='表8 计划年度储备地块收支测算表'!G25 -> 17912.25 | O25: ='表8 计划年度储备地块收支测算表'!H25 -> 15900 | P25: ='表8 计划年度储备地块收支测算表'!I25 -> 1200 | Q25: ='表8 计划年度储备地块收支测算表'!J25 -> 812.25 | R25: ='表8 计划年度储备地块收支测算表'!K25 -> 0 | S25: =N25 -> 17912.25 | T25: 0 | U25: 0
B26: 19 | C26: TC43062123019 | D26: ='表7 计划年度拟入库储备地块信息统计表'!E27 -> 新开龙湾片区项目 | E26: ='表7 计划年度拟入库储备地块信息统计表'!F27 -> 新开镇龙湾村、共和村 | F26: ='表7 计划年度拟入库储备地块信息统计表'!J27 -> 征地拆迁 | H26: ='表7 计划年度拟入库储备地块信息统计表'!I27 -> 拟报批 | I26: ='表7 计划年度拟入库储备地块信息统计表'!L27 -> 3.33 | J26: =I26 -> 3.33 | K26: 0 | L26: ='表 10 计划年度储备活动铺排表'!W24 -> 3.33 | M26: =I26-L26 -> 0 | N26: ='表8 计划年度储备地块收支测算表'!G26 -> 2964.95 | O26: ='表8 计划年度储备地块收支测算表'!H26 -> 2430.9 | P26: ='表8 计划年度储备地块收支测算表'!I26 -> 399.6 | Q26: ='表8 计划年度储备地块收支测算表'!J26 -> 134.45 | R26: ='表8 计划年度储备地块收支测算表'!K26 -> 0 | S26: =N26 -> 2964.95 | T26: 0 | U26: 0
B27: 20 | C27: TC43062123020 | D27: ='表7 计划年度拟入库储备地块信息统计表'!E28 -> 麻塘北大青鸟北侧地块 | E27: ='表7 计划年度拟入库储备地块信息统计表'!F28 -> 麻塘办事处洞庭村 | F27: ='表7 计划年度拟入库储备地块信息统计表'!J28 -> 征地拆迁 | H27: ='表7 计划年度拟入库储备地块信息统计表'!I28 -> 拟报批 | I27: ='表7 计划年度拟入库储备地块信息统计表'!L28 -> 1.59 | J27: =I27 -> 1.59 | K27: 0 | L27: ='表 10 计划年度储备活动铺排表'!W25 -> 0 | M27: =I27-L27 -> 1.59 | N27: ='表8 计划年度储备地块收支测算表'!G27 -> 1449.01 | O27: ='表8 计划年度储备地块收支测算表'!H27 -> 1192.5 | P27: ='表8 计划年度储备地块收支测算表'!I27 -> 190.8 | Q27: ='表8 计划年度储备地块收支测算表'!J27 -> 65.71 | R27: ='表8 计划年度储备地块收支测算表'!K27 -> 0 | S27: =N27 -> 1449.01 | T27: 0 | U27: 0
... B31: 24 | C31: TC43062123024 | D31: ='表7 计划年度拟入库储备地块信息统计表'!E32 -> 石油化工学院 | E31: ='表7 计划年度拟入库储备地块信息统计表'!F32 -> 新开镇新开村 | F31: ='表7 计划年度拟入库储备地块信息统计表'!J32 -> 征地拆迁 | H31: ='表7 计划年度拟入库储备地块信息统计表'!I32 -> 拟报批 | I31: ='表7 计划年度拟入库储备地块信息统计表'!L32 -> 1.33 | J31: =I31 -> 1.33 | K31: 0 | L31: ='表 10 计划年度储备活动铺排表'!W29 -> 1.33 | M31: =I31-L31 -> 0 | N31: ='表8 计划年度储备地块收支测算表'!G31 -> 2382.33 | O31: ='表8 计划年度储备地块收支测算表'!H31 -> 2114.7 | P31: ='表8 计划年度储备地块收支测算表'!I31 -> 159.6 | Q31: ='表8 计划年度储备地块收支测算表'!J31 -> 108.03 | R31: ='表8 计划年度储备地块收支测算表'!K31 -> 0 | S31: =N31 -> 2382.33 | T31: 0 | U31: 0
B32: 小计 | I32: =SUM(I8:I31) -> 174.41 | J32: =SUM(J8:J31) -> 174.41 | K32: =SUM(K8:K31) -> 0 | L32: =SUM(L8:L31) -> 138.29 | M32: =SUM(M8:M31) -> 36.12 | N32: =SUM(N8:N31) -> 179141.05 | O32: =SUM(O8:O31) -> 150088.5 | P32: =SUM(P8:P31) -> 20929.2 | ... U32: =SUM(U8:U31) -> 0
A33: 合计 | I33: =I32+I7 -> 182.53 | J33: =J32+J7 -> 182.53 | K33: =K32+K7 -> 0 | L33: =L32+L7 -> 138.29 | M33: =M32+M7 -> 44.24 | N33: =N32+N7 -> 182373.22 | O33: =O32+O7 -> 152199.7 | P33: =P32+P7 -> 21903.6 | ... U33: =U32+U7 -> 0

Sheet 表13 计划年度土地储备资金投资与筹措计划
A1: 表13 计划年度土地储备资金投资与筹措计划
A2: 单位：万元、%
A3: 科目 | C3: 金额 | D3: 占比
A4: 计划年度投资额 | B4: 土地取得费用 | C4: ='表12 计划年度土地储备计划指标分解表'!O33 -> 152199.7 | D4: =ROUND(C4/$C$8,4) -> 0.8346
B5: 前期土地开发成本 | C5: ='表12 计划年度土地储备计划指标分解表'!P33 -> 21903.6 | D5: =ROUND(C5/$C$8,4) -> 0.1201
B6: 其他费用 | C6: 0 | D6: =ROUND(C6/$C$8,4) -> 0
B7: 财务费用 | C7: ='表12 计划年度土地储备计划指标分解表'!Q33 -> 8269.92 | D7: =ROUND(C7/$C$8,4) -> 0.0453
B8: 合计 | C8: =SUM(C4:C7) -> 182373.22 | D8: =ROUND(C8/$C$8,4) -> 1
A9: 资金筹措计划 | B9: 财政部门资金安排 | C9: =ROUND(C8/1.0035,2) -> 181737.14 | D9: =ROUND(C9/$C$8,4) -> 0.9965
B10: 国有土地收益基金安排 | C10: 0 | D10: =ROUND(C10/$C$8,4) -> 0
B11: 计划发行政府债券规模 | C11: 0 | D11: =ROUND(C11/$C$8,4) -> 0
B12: 其他资金安排 | C12: 0 | D12: =ROUND(C12/$C$8,4) -> 0
B13: 上述资金产生的利息 | C13: =ROUND(C8*0.0035,2) -> 638.31 | D13: =ROUND(C13/$C$8,4) -> 0.0035
B14: 合计 | C14: =SUM(C9:C13) -> 182375.45 | D14: 1

Sheet 表14 计划年度拟发债土地储备项目基本情况表
A1: 表14 计划年度拟发债土地储备项目基本情况表
A2: 单位：万元，公顷
A3: 序号 | B3: 基本信息 | M3: 项目融资情况 | R3: 备注
B4: 市（县、区） | C4: 纳入名录的储备机构 | D4: 项目名称 | E4: 项目位置 | F4: 项目概况 | G4: 投资计划 | H4: 土地规划用途 | I4: 储备面积 | J4: 收储时间 | K4: 计划出让时间 | L4: 预计土地出让收入 | M4: 项目总需求 | N4: 项目自筹资金 | O4: 计划申请发行政府专项债券资金 | P4: 其他已有融资金额 | Q4: 其他
A5: -1 | B5: =A5-1 -> -2 | C5: =B5-1 -> -3 | D5: =C5-1 -> -4 | E5: =D5-1 -> -5 | F5: =E5-1 -> -6 | G5: =F5-1 -> -7 | H5: =G5-1 -> -8 | I5: =H5-1 -> -9 | ... R5: =Q5-1 -> -18
A6: 1
A7: 2
A8: 3
A9: ...
A10: 合计
